 Dungeon Crawl Stone Soup version 0.31.0-11-ge490571c62 (webtiles) character file.

Game seed: 14609157289270878350

7945682 Stirner the Swordmaster (level 27, 249/249 HPs)
             Began as a Barachi Warper on Jan 19, 2024.
             Was the Champion of Cheibriados.
             Escaped with the Orb
             ... and 15 runes on Jan 27, 2024!
             The game lasted 1 day 07:56:42 (243224 turns).

Stirner the Swordmaster (Barachi Warper)      Turns: 243224, Time: 1 , 07:56:43

Health: 249/249    AC: 55    Str: 38    XL:     27
Magic:  54/54      EV: 38    Int: 39    God:    Cheibriados [******]
Gold:   18432      SH: 34    Dex: 37    Spells: 0/80 levels left

rFire   + + .        b - staff of Gallantry {+Blink Air Earth}
rCold   + + .        M - +3 tower shield of Noughts and Crosses {Str+3 Int+3 SInv Stlth-}
rNeg    + + +        S - +12 gold dragon scales
rPois   ∞            h - +2 helmet "Ysisarof" {rPois Int+3}
rElec   +            v - +2 cloak {rCorr}
rCorr   +            t - +2 pair of gloves {Str+3}
SInv    +            I - +2 pair of boots {Stlth+}
Will    ++++.        F - amulet "Gimycrax" {RegenMP rPois rCorr Int+2} Stlth
                     s - ring of Suspected Treachery {Fire rElec Will+ Str+5 Slay-4}
HPRegen 0.61/turn    R - ring of the Mage {Wiz Archmagi}
MPRegen 0.74/turn

%: wizardry (x1), archmagi
@: death-form, studying 3 skills, very slow
A: vile attack, torment immunity, no potions, amphibious, slowness 1, strong
legs 2, +LOS, hooves 1, cold resistance 1, weak 1
0: Orb of Zot
}: 15/15 runes: barnacled, slimy, silver, golden, iron, obsidian, icy, bone,
abyssal, demonic, glowing, magical, fiery, dark, gossamer
a: Hop, Siphon Essence, Begin Untransformation, Renounce Religion, Evoke Blink,
Bend Time, Temporal Distortion, Slouch, Step From Time


You escaped.
You worshipped Cheibriados.
Cheibriados was exalted by your worship.
You were an undying horror.
You visited 17 branches of the dungeon, and saw 87 of its levels.
You visited Pandemonium 38 times, and saw 89 of its levels.
You visited the Abyss 2 times.
You visited 1 bazaar.
You also visited: Ice Cave and Wizlab.

You collected 27381 gold pieces.
You spent 8949 gold pieces at shops.

Inventory:

Hand Weapons
 a - a +9 spectral double sword
 n - the +2 Maxwell's thermic engine {flame, freeze, rev}
   (You found it on level 3 of the Elven Halls)
 Q - the +6 sword of Cerebov {flame}
   (You took it off Cerebov in Pandemonium)
Missiles
 d - 33 silver javelins (quivered)
Armour
 h - the +2 helmet "Ysisarof" (worn) {rPois Int+3}
   (You found it on level 7 of Gehenna)

   Int+3:     It affects your intelligence (+3).
   rPois:     It protects you from poison
 t - a +2 pair of gloves of strength (worn)
 v - a +2 cloak of preservation (worn)
 H - a +14 crystal plate armour of cold resistance
 I - a +2 pair of boots of stealth (worn)
 M - the +3 tower shield of Noughts and Crosses (worn) {Str+3 Int+3 SInv Stlth-}
   (You took it off a daeva in Pandemonium)

   Str+3:     It affects your strength (+3).
   Int+3:     It affects your intelligence (+3).
   SInv:      It lets you see invisible.
   Stlth-:    It makes you less stealthy.
 N - a +8 tower shield of resistance
 S - +12 gold dragon scales (worn)
 U - the orb of Dispater {+Damnation *Corrode AC+5}
   (You took it off Dispater on level 7 of the Iron City of Dis)

   +Damnation: It grants the ability to hurl damnation at the cost of health and
   magic, with strength depending on Evocations skill.
   AC+5:      It affects your AC (+5).
   *Corrode:  It may corrode you when you take damage.
Magical Staves
 b - the staff of Gallantry (weapon) {+Blink Air Earth}
   (You found it on level 5 of the Pits of Slime)

   [staff of earth]

   Base accuracy: +5 Base damage: 5 Base attack delay: 1.2 This weapon's minimum
   attack delay (0.6) is reached at skill level 12.
   +Blink:    It lets you blink.
   Air:       It increases the power of your Air spells.
   Earth:     It increases the power of your Earth spells.
   It falls into the 'Staves' category.
   It is a one-handed weapon.
Jewellery
 q - the ring of Piasoiwk {EV+5 Int+5 Dex+3}
   (You took it off a daeva in Pandemonium)

   [ring of evasion]

   EV+5:      It affects your evasion (+5).
   Int+5:     It affects your intelligence (+5).
   Dex+3:     It affects your dexterity (+3).
 s - the ring of Suspected Treachery (left hand) {Fire rElec Will+ Str+5 Slay-4}
   (You found it on level 3 of the Elven Halls)

   [ring of fire]

   Fire:      It enhances your fire magic.
   Str+5:     It affects your strength (+5).
   Slay-4:    It affects your accuracy & damage with ranged weapons and melee
   (-4).
   rF+:       It protects you from fire.
   rC-:       It makes you vulnerable to cold.
   rElec:     It insulates you from electricity.
   Will+:     It increases your willpower.
 C - the ring of Gasuips {+Blink rElec Will+ AC+4}
   (You found it on level 5 of the Pits of Slime)

   [ring of protection]

   AC+4:      It affects your AC (+4).
   rElec:     It insulates you from electricity.
   Will+:     It increases your willpower.
   +Blink:    It lets you blink.
 F - the amulet "Gimycrax" (around neck) {RegenMP rPois rCorr Int+2}
   (You acquired it in Pandemonium)

   [amulet of magic regeneration]

   RegenMP:   It increases your rate of magic regeneration.
   Int+2:     It affects your intelligence (+2).
   rPois:     It protects you from poison rCorr: It protects you from acid and
   corrosion.
 G - the ring of Novoes {+Blink rF++ rN+ Will+ Int+3}
   (You bought it in a shop on level 1 of the Elven Halls)

   [ring of positive energy]

   Int+3:     It affects your intelligence (+3).
   rF++:      It greatly protects you from fire.
   rN+:       It protects you from negative energy.
   Will+:     It increases your willpower.
   +Blink:    It lets you blink.
 R - the ring of the Mage (right hand) {Wiz Archmagi}
   (You found it on level 3 of the Elven Halls)

   [ring of wizardry]

   Wiz:       It improves your spell success rate.
   Archmagi:  It increases the power of your magical spells.
Talismans
 T - a talisman of death (active)
Wands
 y - a wand of digging (73)
 D - a wand of iceblast (195)
 L - a wand of acid (78)
 V - a wand of mindburst (193)
 Y - a wand of polymorph (94)
 Z - a wand of charming (160)
Scrolls
 c - 24 scrolls of blinking
 f - 3 scrolls of amnesia
 l - 6 scrolls of revelation
 m - 18 scrolls of poison
 u - 30 scrolls of fear
 w - 44 scrolls of teleportation
 E - 21 scrolls of fog
 O - 6 scrolls of torment
 W - 9 scrolls of summoning
Potions
 e - 12 potions of ambrosia
 g - 14 potions of magic
 j - 66 potions of curing
 p - 22 potions of brilliance
 r - 26 potions of heal wounds
 z - 20 potions of mutation
 A - 21 potions of cancellation
 B - 27 potions of enlightenment
 K - 20 potions of might
 X - 13 potions of resistance
Miscellaneous
 i - a phantom mirror
 k - a condenser vane
 o - a lightning rod (4/4)
 x - a phial of floods
 J - a box of beasts
 P - the horn of Geryon


   Skills:
 O Level 27 Fighting
 O Level 27 Long Blades
 O Level 27 Throwing
 O Level 27 Armour
 O Level 27 Dodging
 + Level 13.3 Stealth
 O Level 27 Shields
 O Level 27 Spellcasting
 O Level 27 Conjurations
 O Level 27 Summonings
 - Level 24.0 Necromancy
 O Level 27 Translocations
 O Level 27 Fire Magic
 O Level 27 Ice Magic
 O Level 27 Air Magic
 O Level 27 Earth Magic
 O Level 27 Invocations
 O Level 27 Evocations
 O Level 27 Shapeshifting


You couldn't memorise any spells.
You knew the following spells:

 Your Spells              Type           Power      Damage    Failure   Level
a - Polar Vortex          Ice            78%        12d10*    1%          9
b - Chain Lightning       Conj/Air       92%        3d122     1%          9
c - Fugue of the Fallen   Necr           100%       N/A       0%          3
d - Manifold Assault      Tloc           100%       N/A       0%          4
e - Ozocubu's Refrigerat  Ice            78%        4d24      0%          7
f - Malign Gateway        Summ/Tloc      78%        N/A       0%          7
g - Fire Storm            Conj/Fire      92%        8d23      1%          9
h - Maxwell's Capacitive  Air            92%        ∞         1%          8
i - Plasma Beam           Fire/Air       100%       2x1d120   0%          6
j - Apportation           Tloc           100%       N/A       0%          1
k - Shatter               Erth           92%        3d66*     1%          9
m - Summon Horrible Thin  Summ           78%        N/A       1%          8

Your spell library contained the following spells:

 Spells                   Type           Power      Damage    Failure   Level
 Foxfire                  Conj/Fire      100%       2x1d9     0%          1
 Freeze                   Ice            100%       1d10      0%          1
 Kiss of Death            Conj/Necr      100%       2d13      0%          1
 Magic Dart               Conj           100%       1d8       0%          1
 Necrotise                Necr           100%       1d9       0%          1
 Sandblast                Erth           100%       2d20      0%          1
 Shock                    Conj/Air       100%       1d9       0%          1
 Sting                    Conj/Alch      100%       1d9       0%          1
 Summon Small Mammal      Summ           100%       N/A       0%          1
 Blink                    Tloc           100%       N/A       0%          2
 Call Imp                 Summ           100%       N/A       0%          2
 Cigotuvi's Dreadful Rot  Necr/Alch/Air  100%       N/A       0%          2
 Ensorcelled Hibernation  Hex/Ice        100%       N/A       0%          2
 Lesser Beckoning         Tloc           100%       N/A       0%          2
 Mercury Vapours          Alch/Air       100%       N/A       0%          2
 Momentum Strike          Conj/Tloc      100%       3d10      0%          2
 Scorch                   Fire           100%       2d9       0%          2
 Static Discharge         Conj/Air       100%       3-8/arc   0%          2
 Sublimation of Blood     Necr           100%       N/A       0%          2
 Call Canine Familiar     Summ           100%       N/A       0%          3
 Dazzling Flash           Conj/Hex       100%       N/A       0%          3
 Frozen Ramparts          Ice            100%       1d16      0%          3
 Gell's Gravitas          Tloc           100%       N/A       0%          3
 Hailstorm                Conj/Ice       100%       3d16      0%          3
 Inner Flame              Hex/Fire       100%       N/A       0%          3
 Mephitic Cloud           Conj/Alch/Air  100%       N/A       0%          3
 Ozocubu's Armour         Ice            100%       N/A       0%          3
 Passwall                 Erth           100%       N/A       0%          3
 Stone Arrow              Conj/Erth      100%       3d13      0%          3
 Summon Ice Beast         Ice/Summ       100%       N/A       0%          3
 Swiftness                Air            100%       N/A       0%          3
 Teleport Other           Tloc           100%       N/A       0%          3
 Vampiric Draining        Necr           100%       2d13      0%          3
 Volatile Blastmotes      Fire/Tloc      100%       2d18      0%          3
 Airstrike                Air            92%        2d(14-30) 0%          4
 Animate Armour           Summ/Erth      100%       N/A       0%          4
 Animate Dead             Necr           100%       N/A       0%          4
 Brom's Barrelling Bould  Conj/Erth      100%       2d11      0%          4
 Dispel Undead            Necr           100%       3d31      0%          4
 Flame Wave               Conj/Fire      100%       2d21      0%          4
 Iskenderun's Mystic Bla  Conj/Tloc      100%       2d19      0%          4
 Martyr's Knell           Necr/Summ      100%       N/A       0%          4
 Passage of Golubria      Tloc           100%       N/A       0%          4
 Summon Blazeheart Golem  Fire/Summ      100%       N/A       0%          4
 Summon Lightning Spire   Summ/Air       100%       N/A       0%          4
 Vhi's Electric Charge    Tloc/Air       100%       N/A       0%          4
 Arcjolt                  Conj/Air       92%        1d102     0%          5
 Borgnjor's Vile Clutch   Necr/Erth      90%        N/A       0%          5
 Curse of Agony           Necr           100%       N/A       0%          5
 Fireball                 Conj/Fire      92%        3d34      0%          5
 Freezing Cloud           Conj/Ice/Air   92%        6-21      0%          5
 Iskenderun's Battlesphe  Conj           100%       2d15      0%          5
 Lee's Rapid Deconstruct  Erth           92%        3d40*     0%          5
 Summon Forest            Summ/Tloc      78%        N/A       0%          5
 Bombard                  Conj/Erth      92%        9d15      0%          6
 Conjure Ball Lightning   Conj/Air       92%        3x3d35    0%          6
 Death Channel            Necr           75%        N/A       0%          6
 Dispersal                Tloc           78%        N/A       0%          6
 Starburst                Conj/Fire      92%        6d23      0%          6
 Summon Cactus Giant      Summ           78%        N/A       0%          6
 Monstrous Menagerie      Summ           78%        N/A       0%          7
 Orb of Destruction       Conj           78%        9d18      0%          7
 Spellforged Servitor     Conj/Summ      78%        N/A       0%          7
 Summon Hydra             Summ           78%        N/A       0%          7
 Slow                     Hex            100%       N/A       1%          1
 Jinxbite                 Hex            100%       N/A       1%          2
 Confusing Touch          Hex            68%        N/A       1%          3
 Sigil of Binding         Hex            68%        N/A       1%          3
 Tukima's Dance           Hex            68%        N/A       1%          3
 Anguish                  Hex/Necr       60%        N/A       1%          4
 Dimensional Bullseye     Hex/Tloc       63%        N/A       1%          4
 Fulminant Prism          Conj/Alch      63%        3d26      1%          4
 Ignite Poison            Fire/Alch      100%       N/A       1%          4
 Leda's Liquefaction      Alch/Erth      75%        N/A       1%          4
 Petrify                  Alch/Erth      100%       N/A       1%          4
 Sticky Flame             Fire/Alch      100%       2d15      1%          4
 Irradiate                Conj/Alch      63%        3d32      1%          5
 Metabolic Englaciation   Hex/Ice        63%        N/A       1%          5
 Silence                  Hex/Air        75%        N/A       1%          5
 Summon Mana Viper        Hex/Summ       100%       N/A       1%          5
 Sculpt Simulacrum        Ice/Alch       63%        N/A       1%          6
 Haunt                    Necr/Summ      77%        N/A       1%          7
 Borgnjor's Revivificati  Necr           75%        N/A       1%          8
 Disjunction              Tloc           78%        N/A       1%          8
 Ignition                 Fire           92%        3d23      1%          8
 Infestation              Necr           75%        N/A       1%          8
 Lehudib's Crystal Spear  Conj/Erth      92%        10d20     1%          8
 Dragon's Call            Summ           78%        N/A       1%          9
 Cause Fear               Hex            34%        N/A       4%          4
 Olgreb's Toxic Radiance  Alch           68%        N/A       4%          4
 Alistair's Intoxication  Alch           45%        N/A       14%         5
 Yara's Violent Unravell  Hex/Alch       34%        3d14      14%         5
 Eringya's Noxious Bog    Alch           34%        4d6       56%         6
 Enfeeble                 Hex            34%        N/A       98%         7
 Discord                  Hex            34%        N/A       100%        8


Dungeon Overview and Level Annotations

Branches:
Dungeon (15/15)            Temple (0/1) D:7            Lair (5/5) D:10
 Shoals (4/4) Lair:2       Spider (4/4) Lair:3        Slime (5/5) Lair:4
    Orc (2/2) D:9             Elf (3/3) Orc:2        Vaults (5/5) D:14
  Crypt (3/3) Vaults:3       Tomb (3/3) Crypt:3      Depths (4/4) D:15
   Hell (visited)             Dis (7/7) Hell            Geh (7/7) Hell
    Coc (7/7) Hell            Tar (7/7) Hell            Zot (5/5) Depths:4
  IceCv (visited)          WizLab (visited)

Altars:
Ashenzari
Cheibriados
Dithmenos
Elyvilon
Gozag
Kikubaaqudgha
Makhleb
Nemelex Xobeh
Okawaru
Qazlal
Sif Muna
Trog
Vehumet
Wu Jian
Yredelemnul
The Shining One
Jiyva
Lugonu

Shops:
D:11 *   Orc:2 !(=   Elf:1 !([=   Elf:2 (   Elf:3 (   Shoals:3 *   Vaults:2 :(
Vaults:3 !   Vaults:4 [   Depths:2 *

Portals:
Hell: Depths:1 Depths:2 Depths:3 Depths:4
Abyss: Lair:5 Depths:3
Pandemonium: Depths:1 Depths:2 Depths:3
Ziggurat: Depths:3


Innate Abilities, Weirdness & Mutations

You are an undying horror.
Your melee and unarmed attacks drain, slow and weaken victims.
You are immune to unholy pain and torment.
You cannot drink.
You are immune to poison.
You are amphibious.
You cover ground slowly.
You can hop long distances.
You have an extended range of vision and can be seen from far away.
You have large cloven feet.
Your flesh is cold resistant. (rC+)
You are weak. (Str -2)


Message History

The dungeon rumbles!
You kill the Orb Guardian!
Cheibriados appreciates the change of pace.
Ka-crash!
Things that are here:
a +0 robe; a +0 dagger
Things that are here:
a +0 robe; a +0 flail
There is a stone staircase leading up here.
You climb upwards.
There is a stone staircase leading down here.
There is a stone staircase leading up here.
You climb upwards.
There is a stone staircase leading down here.
There is a stone staircase leading up here.
You climb upwards.
There is a stone staircase leading down here.
There is a stone staircase leading up here.
You climb upwards.
There is a stone staircase leading down here.
Items here: ))))) [[[.
There is a stone staircase leading up, spattered with blood here.
You climb upwards.
There is a stone staircase leading down here.
There is a stone staircase leading up here.
You climb upwards.
There is a stone staircase leading down here.
An Orb Guardian comes into view.
Casting: Shatter (mildly dangerous; 1% risk of failure)
Confirm with . or Enter, or press ? or * to list all spells.
You feel a strong surge of power! Lightning arcs from your hands!
The bolt of lightning hits the Orb Guardian!!!!
You kill the Orb Guardian!
Cheibriados appreciates the change of pace.
You enter the shallow water.
There is a staircase leading out of the dungeon here.
You start resting.
Magic restored.
There is a staircase leading out of the dungeon here.
You have escaped!

.......# #...........# #.
....)..# ###########.....#
#. .......# ##.....##
#.....#### ######.#
##.......## #.....#... #.##
##.........###.....#.##
#..###...........##.....#.#
##.##.....~~~.....#....##.#
#.......~...~......#+###.#
##......~.z.~.........##.#
##.....~...~.....##.....##
##.....~~~.....###.....##
##.....).....## ####..>.
##.........## ###.#
##.......## #.# ##.....##
########'# #######
#......... #.....†...


There were no monsters in sight!

Vanquished Creatures
  Cerebov (Pan)
  Antaeus (Coc:7)
  Asmodeus (Geh:7)
  the Royal Jelly (Slime:5)
  Mnoleg (Pan)
  Gloorx Vloq (Pan)
  the Serpent of Hell (Geh:7)
  Lom Lobon (Pan)
  Ignacio (Pan)
  A seraph (D:10)
  Dispater (Dis:7)
  7 dread liches
  5 ancient liches
  Mara (Vaults:2)
  8 orbs of fire
  Mennas (Pan)
  76 pandemonium lords
  3 juggernauts
  Josephina (Zot:1)
  Sojobo (Depths:4)
  Xtahua (Crypt:3)
  28 royal mummies
  Boris (thrice) (Crypt:1 Crypt:2 Crypt:3)
  8 Killer Klowns
  Parghit (Zot:1)
  4 curse toes
  Saint Roka (Vaults:2)
  34 shard shrikes
  27 caustic shrikes
  Jory (Crypt:1)
  Geryon (Hell)
  11 golden dragons
  Nikola (Elf:3)
  12 profane servitors
  2 pearl dragons (Pan)
  32 bone dragons
  4 electric golems
  95 Tzitzimimeh
  14 doom hounds
  Norris (Vaults:1)
  2 spectral shard shrikes
  18 iron giants
  65 Brimstone Fiends
  Jorgrun (Spider:1)
  A shard shrike zombie (Tomb:3)
  99 Hell Sentinels
  69 Ice Fiends
  8 hellephants
  15 tainted leviathans
  21 tentacled monstrosities
  Zenata (Crypt:1)
  13 liches
  32 Orb Guardians
  Asterion (Vaults:3)
  8 quicksilver dragons
  17 searing wretches
  8 titans
  2 deep elf blademasters (Elf:3)
  A deep elf master archer (Elf:3)
  5 walking frostbound tomes
  146 Executioners
  9 tentacled starspawn
  26 ancient champions
  Frances (Shoals:1)
  Murray (Depths:4)
  10 death cobs
  17 acid blobs
  A kraken (Shoals:3)
  13 sphinxes
  2 eldritch tentacles (Pan)
  9 tengu reavers
  17 shadow dragons
  19 storm dragons
  11 rockslimes
  18 azure jellies
  104 demonspawn warmongers
  11 fire giants
  Aizul (Vaults:2)
  5 revenants
  2 nagarajas (Pan)
  2 fenstrider witches (Pan)
  7 frost giants
  9 protean progenitors
  12 deep elf sorcerers
  9 iron dragons
  8 quicksilver elementals
  3 draconian shifters (Zot:5)
  4 draconian knights
  9 draconian monks
  53 daevas
  5 emperor scorpions
  A spectral juggernaut (Tar:2)
  19 vault wardens
  21 narguns
  3 curse skulls
  2 draconian scorchers
  Louise (D:15)
  A draconian stormcaller (Zot:5)
  2 spectral caustic shrikes
  7 deep elf elementalists (Elf:3)
  12 shard shrike simulacra
  119 angels
  181 balrugs
  169 reapers
  90 demonspawn blood saints (Pan)
  147 cacodemons
  13 ghost moths
  137 demonspawn corrupters (Pan)
  5 draconian annihilators
  A spriggan defender (Depths:2)
  21 ironbound preservers
  5 broodmothers
  10 very ugly things
  24 stone giants
  The ghost of Igieh the Carver, a journeyman DsFi of Hepliaklqana (Elf:3)
  17 quicksilver oozes
  5 caustic shrike skeletons
  7 ironbound thunderhulks
  11 vampire knights
  49 ophanim (Pan)
  4 deep elf death magi
  9 formless jellyfish
  9 juggernaut skeletons
  Nessos (D:12)
  A spectral titan (Tar:1)
  40 war gargoyles
  17 elemental wellsprings
  206 lorocyprocas
  10 purple draconians
  115 apis (Pan)
  9 deep elf demonologists
  5 green draconians
  9 putrid mouths
  10 dire elephants
  A minotaur (Elf:3)
  128 demonspawn black suns (Pan)
  15 wendigos
  8 black draconians
  8 deep elf annihilators
  6 red draconians
  12 yellow draconians
  7 white draconians
  14 spark wasps
  6 bennus
  A bunyip (Abyss:1)
  The ghost of qdestroyer the Cleaver, a journeyman MiFi of Trog (D:13)
  157 blizzard demons
  Snorg (Orc:2)
  24 eidola
  96 green deaths
  7 merfolk javelineers
  6 crystal guardians
  29 mummy priests
  3 spectral spriggans
  11 ettins
  24 iron golems
  A spectral quicksilver dragon (Tar:2)
  5 fire dragons
  6 entropy weavers
  18 yaktaur captains
  9 merfolk impalers
  15 rakshasas
  5 jiangshi
  An entropy weaver (shapeshifter) (D:13)
  3 spriggan zombies
  9 great orbs of eyes
  2 quicksilver dragon skeletons
  3 ice dragons
  3 ogre magi
  8 hydras
  33 vault guards
  7 caustic shrike simulacra
  Erolcha (Orc:2)
  6 deep elf high priests
  9 juggernaut simulacra
  38 hell beasts
  3 peacekeepers
  4 stokers
  2 spriggan air magi
  12 salamander tyrants
  10 ironbound frosthearts
  4 alligator snapping turtles (Shoals:4)
  6 radroaches
  A jorogumo (Pan)
  A spriggan skeleton (Tomb:1)
  29 centaur warriors
  2 anacondas (Lair:5)
  A catoblepas (Lair:5)
  5 two-headed ogres
  12 boulder beetles
  A death knight (Crypt:1)
  3 death yaks (IceCv)
  A merfolk avatar (Shoals:1)
  5 merfolk aquamancers
  85 death scarabs
  4 satyrs
  44 dancing weapons
  A naga warrior (Elf:3)
  2 titan zombies
  394 demonic crawlers
  4 deep troll shamans
  An occultist (Abyss:1)
  19 hell knights
  9 spriggan berserkers
  65 hell hogs
  7 tengu warriors
  5 deep troll earth magi
  15 thrashing horrors
  A vampire mage (Crypt:1)
  A spectral naga (Tar:2)
  Nergalle (Orc:2)
  17 deep elf knights
  754 sun demons
  3 orc high priests
  A spectral dire elephant (Tar:2)
  Urug (D:11)
  479 soul eaters
  A fire crab (Lair:2)
  3 iron trolls
  11 wretched stars
  25 crystal echidnas
  6 skysharks
  2 storm dragon skeletons
  A spectral bunyip (Tar:1)
  6 hellephant skeletons (Pan)
  50 cherubim
  2 pharaoh ants
  7 arcanists
  2 golden dragon zombies (Crypt:3)
  Lodul (D:11)
  13 shadow wraiths
  A titan skeleton (Depths:3)
  28 skeletal warriors
  2 anaconda zombies
  An iron giant zombie (Crypt:1)
  9 flayed ghosts
  8 sun moths (Pan)
  188 sixfirhies
  12 glowing orange brains
  A spark wasp zombie (Crypt:1)
  193 shadow demons (Pan)
  55 deep trolls
  An orb spider (shapeshifter) (Depths:4)
  518 large abominations
  2 spectral hydras
  2 spectral anacondas
  14 deep elf archers
  5 quicksilver dragon simulacra
  11 sea snakes
  An orange crystal statue (Vaults:1)
  10 orb spiders
  A steelbarb worm (shapeshifter) (Vaults:4)
  11 phantasmal warriors
  19 ironbound convokers
  2 golden dragon skeletons (Crypt:2)
  An anaconda skeleton (Crypt:3)
  An obsidian statue (Zot:5)
  A tengu zombie (Depths:3)
  13 harpies
  3 fenstrider witch simulacra
  2 shadow dragon zombies
  29 wolf spiders
  15 spriggan simulacra
  Pikel (D:7)
  13 necromancers
  9 lindwurms
  5 steelbarb worms
  7 orc knights
  23 deep elf pyromancers
  28 deep elf zephyrmancers
  49 ugly things
  A spectral ettin (Tar:1)
  13 orc sorcerers
  25 manticores
  3 salamanders (Depths:4)
  15 fauns
  4 cyclopes
  3 worldbinders (Abyss:1)
  7 shining eyes
  A manticore (shapeshifter) (Vaults:5)
  2 will-o-the-wisps (Abyss:3)
  12 meliai
  A centaur zombie (Tomb:2)
  11 elephants
  A guardian serpent (Elf:2)
  2 spectral centaurs (Tar:1)
  6 water nymphs
  34 moths of wrath
  11 merfolk sirens
  30 starcursed masses
  A moth of wrath (shapeshifter) (Vaults:5)
  7 ice statues
  24 rust devils
  2 naga zombies
  4 Executioner simulacra (Pan)
  A dire elephant zombie (Crypt:3)
  11 torpor snails
  An eye of devastation (Slime:5)
  7 black mambas
  6 kobold blastminers
  7 molten gargoyles (Geh:7)
  14 cane toads
  4 titan simulacra
  17 vault sentinels
  189 orange demons
  183 hellions
  4 kobold demonologists
  619 smoke demons
  17 komodo dragons
  14 yaktaurs
  9 rime drakes
  2 dire elephant skeletons
  An unseen horror (D:12)
  An unseen horror (shapeshifter) (Elf:3)
  2 tengu conjurers
  3 harpy zombies
  155 tormentors
  11 ancient zymes
  6 freezing wraiths
  5 anaconda simulacra
  47 red devils
  18 efreet
  28 ice devils
  4 spectral harpies
  3 golden dragon simulacra
  42 guardian mummies
  11 trolls
  79 hellwings
  37 merfolk
  2 tyrant leeches (Zot:3)
  18 polar bears
  A queen bee (Abyss:3)
  6 harpy skeletons
  2 iron giant simulacra
  2 shadow dragon simulacra
  3 wind drakes (Shoals:1)
  45 tarantellas
  18 raiju
  2 iron dragon simulacra
  A jumping spider zombie (Crypt:2)
  3 saltlings (Elf:2)
  10 hornets
  A tengu simulacrum (Vaults:5)
  A tarantella (shapeshifter) (Vaults:5)
  37 blink frogs
  2 blink frogs (shapeshifter)
  14 dream sheep
  9 snapping turtles
  2 draconian simulacra (Zot:1)
  5 glass eyes
  A spriggan (shapeshifter) (D:14)
  20 jumping spiders
  A centaur simulacrum (Coc:1)
  86 slime creatures
  29 culicivoras
  An ettin skeleton (Tomb:1)
  497 ynoxinuls
  A culicivora (shapeshifter) (Depths:3)
  A shadow (D:10)
  6 naga simulacra
  3 spriggans
  4 air elementals
  22 ushabtiu
  14 wraiths
  7 dire elephant simulacra
  2 vampires
  6 wyverns
  4 fire bats (Pan)
  99 yaks
  An elf (WizLab)
  7 water elementals
  4 fire elementals (Elf:2)
  54 redbacks
  Eustachio (D:5)
  7 golden eyes
  191 neqoxecs
  3 wargs
  A redback simulacrum (D:14)
  7 basilisks
  3 alligator snapping turtle simulacra
  12 harpy simulacra
  499 chaos spawn
  A glowing shapeshifter zombie (Vaults:5)
  A purple draconian simulacrum (Zot:1)
  A yellow draconian simulacrum (Zot:1)
  5 steam dragons
  2 acid dragons
  A swamp worm (shapeshifter) (Depths:2)
  A naga skeleton (Tomb:3)
  5 hell hounds (Abyss:2)
  A water moccasin (shapeshifter) (Elf:3)
  2 hydra simulacra (Coc:1)
  25 water moccasins
  A fire bat skeleton (Crypt:1)
  4 black bears
  20 orc warriors
  A black bear (shapeshifter) (D:14)
  A deep troll skeleton (Crypt:1)
  6 ice beasts
  A two-headed ogre skeleton (Crypt:1)
  2 sky beasts
  56 laughing skulls
  18 ogres
  A black mamba simulacrum (Tomb:3)
  46 small abominations
  A tengu (shapeshifter) (Elf:2)
  5 ettin simulacra
  48 wolves
  7 boggarts
  14 centaurs
  2 brain worms
  4 weeping skulls
  3 kobold brigands
  20 bullfrogs
  A komodo dragon skeleton (Crypt:1)
  6 scorpions
  2 necrophages (Crypt:3)
  An earth elemental (Abyss:2)
  10 wights
  A polar bear zombie (Crypt:1)
  12 killer bees
  8 electric eels
  9 howler monkeys
  A crimson imp (Abyss:1)
  6 quasits
  A basilisk zombie (Crypt:2)
  A bombardier beetle (D:4)
  10 jellies
  27 orc priests
  2 gnoll boudas
  7 hounds
  4 iron imps
  Jessica (D:2)
  3 iguanas
  48 orc wizards
  2 human simulacra (D:13)
  2 ogre skeletons (Crypt:2)
  48 mummies
  8 gnolls
  13 adders
  5 white imps
  7 ufetubi
  A jelly zombie (Crypt:2)
  An adder skeleton (Crypt:1)
  4 dart slugs
  102 orcs
  4 ball pythons
  4 endoplasms
  5 giant cockroaches
  6 hobgoblins
  12 jackals
  17 kobolds
  A quokka (D:5)
  8 bats
  2 frilled lizards
  7 goblins
  A goblin skeleton (Crypt:2)
  3 rats
  A spectral orc (D:3)
  12 aspiring fleshes
  6 ball lightnings (Pan)
  9 creeping infernos
  39 fire vortices
  2 lurking horrors
  18 spectral weapons
  9 starspawn tentacles
11421 creatures vanquished.

Vanquished Creatures (collateral kills)
  Ereshkigal (Tar:7)
  A seraph (Pan)
  A dread lich (Coc:4)
  2 ancient liches
  5 pandemonium lords (Pan)
  A royal mummy (Tomb:3)
  7 shard shrikes
  2 profane servitors
  6 bone dragons
  6 Brimstone Fiends
  7 Tzitzimimeh
  2 doom hounds
  4 Ice Fiends
  2 tainted leviathans
  6 Hell Sentinels (Pan)
  3 titans
  An acid blob (Slime:5)
  A quicksilver dragon (Zot:5)
  A searing wretch (Geh:3)
  2 eldritch tentacles (Pan)
  3 Executioners (Pan)
  13 demonspawn warmongers (Pan)
  A frost giant (Coc:4)
  6 narguns
  An iron dragon (Dis:2)
  3 ghost moths (Pan)
  5 fire giants
  13 balrugs (Pan)
  A shard shrike simulacrum (Coc:4)
  3 demonspawn corrupters (Pan)
  7 cacodemons (Pan)
  7 reapers (Pan)
  4 demonspawn blood saints (Pan)
  A quicksilver ooze (Slime:5)
  4 putrid mouths
  5 elemental wellsprings
  9 lorocyprocas (Pan)
  7 demonspawn black suns (Pan)
  A white draconian (Zot:1)
  A wendigo (Coc:5)
  A deep elf annihilator (Elf:3)
  8 blizzard demons (Pan)
  An eidolon (Tar:7)
  2 green deaths (Pan)
  2 caustic shrike simulacra
  4 hell beasts
  A spriggan skeleton (Tomb:3)
  A spectral stone giant (Tar:2)
  2 death scarabs (Tomb:3)
  6 demonic crawlers (Pan)
  4 hell hogs
  A dancing weapon (Dis:5)
  13 soul eaters (Pan)
  A spectral naga (Tar:3)
  15 sun demons (Pan)
  2 spriggan simulacra
  4 shadow demons
  7 sixfirhies (Pan)
  A sun moth (Pan)
  17 large abominations (Pan)
  A spectral centaur (Tar:2)
  A rust devil (Pan)
  16 smoke demons (Pan)
  7 orange demons (Pan)
  2 hellions
  3 tormentors
  An ice devil (Pan)
  A golden dragon simulacrum (Coc:6)
  A freezing wraith (Coc:7)
  An anaconda simulacrum (Coc:5)
  2 red devils (Pan)
  A hellwing (Pan)
  A stone giant simulacrum (Coc:2)
  A centaur simulacrum (Coc:2)
  20 ynoxinuls (Pan)
  4 dire elephant simulacra
  A harpy simulacrum (Coc:5)
  10 chaos spawn (Pan)
  4 neqoxecs (Pan)
  4 naga simulacra
  A creeping inferno (Geh:5)
332 creatures vanquished.

Vanquished Creatures (others)
  A pandemonium lord (Pan)
  A Tzitzimitl (Pan)
  18 eldritch tentacles
  A demonspawn warmonger (Pan)
  A demonspawn corrupter (Pan)
  2 demonspawn blood saints (Pan)
  A vampire knight (Depths:3)
  A war gargoyle (Vaults:1)
  A wendigo (Coc:1)
  2 blizzard demons (Pan)
  2 soul eaters (Pan)
  A sixfirhy (Pan)
  A glowing orange brain (Depths:4)
  A deep elf zephyrmancer (Elf:3)
  2 demonspawn zombies (Pan)
  A molten gargoyle (Geh:7)
  2 large abominations (Pan)
  2 tormentors
  A glass eye (Depths:4)
  A centaur simulacrum (Coc:1)
  A vampire mosquito (D:13)
  3 chaos spawn (Pan)
  A harpy simulacrum (Coc:5)
  A boggart (Vaults:4)
  A quasit (Abyss:1)
  2 ball lightnings (Pan)
  5 creeping infernos
  10 fire vortices
  A lurking horror (Abyss:2)
  71 spectral weapons
  20 starspawn tentacles
  4 tentacles (Shoals:3)
163 creatures vanquished.

Grand Total: 11916 creatures vanquished

Notes
Turn   | Place    | Note
-------+----------+-------------------------------------------
     0 | D:1      | Stirner the Barachi Warper began the quest for the Orb.
     0 | D:1      | Reached XP level 1. HP: 17/17 MP: 3/3
   150 | D:1      | Reached XP level 2. HP: 21/23 MP: 5/5
   282 | D:1      | Found a faded altar of an unknown god.
   450 | D:1      | Reached XP level 3. HP: 28/29 MP: 6/6
   673 | D:2      | Noticed Jessica
   683 | D:2      | Killed Jessica
   695 | D:2      | Reached XP level 4. HP: 37/37 MP: 7/7
   720 | D:2      | HP: 1/37 [poisoned by an adder]
  1061 | D:2      | Found the +7 Throatcutter {drain, coup de grace}
  1279 | D:2      | Identified the ring "Poshopt" {rN+ Str+6 Int+4}
  1561 | D:3      | Identified the +1 robe of the Irksome God {Harm rF+ MP+9}
  1787 | D:3      | Reached XP level 5. HP: 43/43 MP: 8/8
  1817 | D:3      | Reached skill level 5 in Fighting
  1817 | D:3      | Reached skill level 5 in Long Blades
  2289 | D:3      | Found a basalt altar of Yredelemnul.
  2289 | D:3      | Noticed a weeping skull
  2437 | D:4      | Reached XP level 6. HP: 51/51 MP: 9/9
  2452 | D:4      | Found a broken altar of Ashenzari.
  2676 | D:4      | Found a shimmering blue altar of Sif Muna.
  2965 | D:5      | Entered Level 5 of the Dungeon
  2989 | D:5      | Noticed an ice beast
  3007 | D:5      | Killed an ice beast
  3049 | D:5      | Found a snail-covered altar of Cheibriados.
  3058 | D:5      | Became a worshipper of Cheibriados the Contemplative
  3194 | D:5      | Noticed a black bear
  3205 | D:5      | Killed a black bear
  3206 | D:5      | Reached XP level 7. HP: 42/58 MP: 10/10
  3273 | D:5      | Noticed Eustachio
  3308 | D:5      | Killed Eustachio
  3407 | D:5      | Reached skill level 1 in Shields
  3467 | D:5      | Reached * piety under Cheibriados
  3665 | D:5      | Reached XP level 8. HP: 54/64 MP: 11/11
  3820 | D:5      | Reached skill level 10 in Long Blades
  4052 | D:6      | Reached ** piety under Cheibriados
  4221 | D:6      | Reached XP level 9. HP: 67/69 MP: 12/12
  4397 | D:6      | Reached *** piety under Cheibriados
  4724 | D:6      | Found an iron altar of Okawaru.
  4848 | D:7      | Found a staircase to the Ecumenical Temple.
  4885 | D:7      | Reached XP level 10. HP: 76/76 MP: 13/13
  4932 | D:7      | Reached skill level 5 in Armour
  5054 | D:7      | Found a shadowy altar of Dithmenos.
  5078 | D:7      | Reached **** piety under Cheibriados
  5250 | D:7      | You fall into a shaft and drop 3 floors!
  5250 | D:10     | Entered Level 10 of the Dungeon
  5346 | D:8      | Noticed a two-headed ogre
  5354 | D:8      | Killed a two-headed ogre
  5355 | D:8      | Reached skill level 5 in Shields
  5358 | D:8      | Learned a level 2 spell: Blink
  5361 | D:8      | Learned a level 2 spell: Lesser Beckoning
  5365 | D:8      | Learned a level 3 spell: Teleport Other
  5370 | D:8      | Learned a level 4 spell: Manifold Assault
  5732 | D:8      | Paralysed by a hornet for 3 turns
  6030 | D:7      | Noticed Pikel
  6039 | D:7      | Killed Pikel
  6194 | D:7      | Found a burning altar of Makhleb.
  6642 | D:8      | Noticed a centaur warrior
  6651 | D:8      | Killed a centaur warrior
  6652 | D:8      | Reached XP level 11. HP: 39/81 MP: 13/15
  6924 | D:8      | Found an ancient bone altar of Kikubaaqudgha.
  6929 | D:8      | Found a radiant altar of Vehumet.
  7000 | D:8      | Reached ***** piety under Cheibriados
  7442 | D:9      | Found an ornate altar of the Wu Jian Council.
  7682 | D:9      | Reached skill level 5 in Translocations
  7688 | D:9      | Found a sparkling altar of Nemelex Xobeh.
  7936 | D:9      | Found a staircase to the Orcish Mines.
  9018 | D:10     | Found an opulent altar of Gozag.
  9187 | D:10     | Reached ****** piety under Cheibriados
  9293 | D:10     | Found a staircase to the Lair.
  9624 | D:10     | Reached skill level 10 in Translocations
  9667 | D:10     | Reached skill level 5 in Spellcasting
  9925 | Lair:1   | Entered Level 1 of the Lair of Beasts
 10055 | Lair:1   | Reached XP level 12. HP: 83/88 MP: 19/19
 10577 | Lair:1   | Reached skill level 1 in Invocations
 10993 | Lair:1   | Reached skill level 5 in Invocations
 11402 | D:11     | Found Ziwugecs's Assorted Antiques.
 11478 | D:11     | Found a glowing golden altar of the Shining One.
 11892 | D:11     | Noticed Lodul
 11897 | D:11     | Killed Lodul
 12325 | D:11     | Noticed Urug
 12335 | D:11     | Killed Urug
 12496 | D:12     | Gained mutation: You can hop long distances. [Barachi
                  | growth]
 12496 | D:12     | Reached XP level 13. HP: 74/94 MP: 10/25
 12502 | D:12     | Noticed Nessos
 12685 | D:12     | Identified the +8 dagger "Murmur" {freeze, rCorr Int+3
                  | Dex+4}
 12845 | D:12     | Noticed an ettin
 13338 | D:11     | Learned a level 4 spell: Vhi's Electric Charge
 13470 | D:12     | Killed Nessos
 13471 | D:12     | Reached skill level 1 in Air Magic
 14455 | Lair:2   | Reached skill level 1 in Evocations
 14947 | Lair:2   | Reached skill level 10 in Fighting
 15078 | Lair:2   | Found a staircase to the Shoals.
 15663 | Lair:2   | Reached skill level 5 in Evocations
 16511 | Lair:2   | Reached XP level 14. HP: 102/113 MP: 17/26
 17296 | Lair:3   | Found a hole to the Spider Nest.
 18395 | Lair:4   | Found a staircase to the Slime Pits.
 18395 | Lair:4   | Found a viscous altar of Jiyva.
 18488 | Lair:4   | Found a frozen archway.
 18506 | IceCv    | Entered an ice cave
 18672 | IceCv    | Reached skill level 10 in Evocations
 19239 | IceCv    | Found the +10 tower shield of Ignorance {rN+ Int-4}
 19275 | IceCv    | Identified the ring "Attiri" {rC+ rN+ Will- Dex+6}
 19423 | IceCv    | Reached skill level 10 in Shields
 19917 | Lair:4   | Reached XP level 15. HP: 120/120 MP: 3/27
 20062 | Lair:4   | Reached skill level 10 in Armour
 20173 | Lair:4   | Identified the +8 orcbow "Ataguscha" {speed, rC++ rN+ MP+9
                  | Dex+2}
 20728 | Orc:1    | Entered Level 1 of the Orcish Mines
 20886 | Orc:1    | Found a burning altar of Makhleb.
 21386 | Orc:2    | Entered Level 2 of the Orcish Mines
 21587 | Orc:2    | Found a burning altar of Makhleb.
 21733 | Orc:2    | Found a staircase to the Elven Halls.
 21822 | Orc:2    | Noticed Snorg
 21832 | Orc:2    | Killed Snorg
 22716 | Orc:2    | Found Wynlaw's Jewellery Shop.
 22844 | Orc:2    | Noticed Nergalle
 22845 | Orc:2    | Found an ancient bone altar of Kikubaaqudgha.
 22850 | Orc:2    | Killed Nergalle
 22966 | Orc:2    | Found Urphakhle's Distillery.
 22974 | Orc:2    | Bought a potion of enlightenment for 65 gold pieces
 22974 | Orc:2    | Bought a potion of berserk rage for 65 gold pieces
 22974 | Orc:2    | Bought a potion of mutation for 104 gold pieces
 22974 | Orc:2    | Bought a potion of curing for 39 gold pieces
 22974 | Orc:2    | Bought a potion of curing for 39 gold pieces
 22986 | Orc:2    | Found a radiant altar of Vehumet.
 22987 | Orc:2    | Noticed Erolcha
 23034 | Orc:2    | Killed Erolcha
 23114 | Orc:2    | Found Azouc's Magic Scroll Boutique.
 23170 | Orc:2    | Bought a scroll of acquirement for 520 gold pieces
 23170 | Orc:2    | Bought a scroll of teleportation for 30 gold pieces
 23170 | Orc:2    | Bought a scroll of teleportation for 30 gold pieces
 23170 | Orc:2    | Bought a scroll of teleportation for 30 gold pieces
 23170 | Orc:2    | Bought a scroll of identify for 20 gold pieces
 23170 | Orc:2    | Bought a scroll of blinking for 75 gold pieces
 23170 | Orc:2    | Bought a scroll of identify for 20 gold pieces
 23172 | Orc:2    | Bought 2 scrolls of identify for 40 gold pieces
 23180 | Orc:2    | Acquired the amulet "Iroch" {Acrobat rPois Dex+2}
 23224 | Orc:2    | Found Xokur's Antique Weapon Shop.
 24079 | Elf:1    | Entered Level 1 of the Elven Halls
 24226 | Elf:1    | Reached skill level 10 in Spellcasting
 24412 | Elf:1    | Found Liliwkue's Jewellery Emporium.
 24415 | Elf:1    | Bought the ring of Novoes {+Blink rF++ rN+ Will+ Int+3} for
                  | 1014 gold pieces
 24616 | Elf:1    | Found Zun Ylol's Antique Weapon Emporium.
 24670 | Elf:1    | Found Wopuwn's Antique Armour Boutique.
 24681 | Elf:1    | Bought an ichor-stained leather armour for 133 gold pieces
 24681 | Elf:1    | Identified the +3 leather armour of the Grue {^Drain rN++}
                  | (You bought it in a shop on level 1 of the Elven Halls)
 24911 | Elf:1    | Found Miev's Distillery.
 24923 | Elf:1    | Bought a potion of magic for 120 gold pieces
 24923 | Elf:1    | Bought a potion of invisibility for 120 gold pieces
 24923 | Elf:1    | Bought a potion of curing for 45 gold pieces
 24966 | Elf:1    | Reached skill level 5 in Air Magic
 25364 | Elf:1    | Noticed a balrug
 25418 | Elf:2    | Found Niug's Weapon Emporium.
 26472 | D:13     | Identified the +8 flail "Wuischi" {vamp, rPois rC++}
 26473 | D:13     | Noticed qdestroyer's ghost (journeyman MiFi)
 26474 | D:13     | Found a transporter.
 26479 | D:13     | Found a transporter.
 27655 | D:14     | Reached XP level 16. HP: 126/127 MP: 17/30
 27664 | D:14     | Found a gate to the Vaults.
 28583 | D:15     | Entered Level 15 of the Dungeon
 28723 | D:15     | Noticed Louise
 28735 | D:15     | Killed Louise
 29441 | D:15     | Found a staircase to the Depths.
 30102 | D:14     | Reached skill level 5 in Dodging
 30362 | Lair:5   | Entered Level 5 of the Lair of Beasts
 31673 | Lair:5   | Reached XP level 17. HP: 117/133 MP: 22/33
 32577 | Lair:5   | Found a corrupted altar of Lugonu.
 32577 | Lair:5   | Found a one-way gate to the infinite horrors of the Abyss.
 32813 | Shoals:1 | Entered Level 1 of the Shoals
 33453 | Spider:1 | Entered Level 1 of the Spider Nest
 34181 | Spider:1 | Identified the +4 ring mail "Hero's Friend" {rF++ Stlth-}
 34320 | Spider:1 | Noticed Jorgrun
 34334 | Spider:1 | Killed Jorgrun
 34964 | Spider:1 | Reached skill level 10 in Dodging
 35500 | Spider:2 | Reached XP level 18. HP: 143/143 MP: 4/34
 35948 | Spider:2 | Reached skill level 15 in Armour
 38079 | Spider:4 | Entered Level 4 of the Spider Nest
 39035 | Spider:4 | Got a gossamer rune of Zot
 39352 | Shoals:1 | Reached XP level 19. HP: 145/152 MP: 17/37
 39566 | Shoals:1 | Noticed Frances
 39574 | Shoals:1 | Killed Frances
 40786 | Shoals:2 | Reached skill level 15 in Shields
 42116 | Shoals:3 | Found Ceydebee's Overcharged Wands.
 42629 | Shoals:4 | Entered Level 4 of the Shoals
 43827 | Shoals:4 | Identified the +4 longbow "Poodier" {speed, Will++ Stlth-}
 44351 | Shoals:4 | Got the Folio of the Cumulonimbus
 44538 | Shoals:4 | Got a barnacled rune of Zot
 45119 | Vaults:1 | Entered Level 1 of the Vaults
 45294 | Vaults:1 | Reached XP level 20. HP: 159/159 MP: 15/38
 46070 | Vaults:1 | Noticed Norris
 46084 | Vaults:1 | Killed Norris
 46355 | Vaults:1 | Found a transporter.
 46367 | Vaults:1 | Found a transporter.
 46658 | Vaults:1 | Reached skill level 10 in Air Magic
 46689 | Vaults:1 | Reached skill level 15 in Fighting
 47828 | Vaults:2 | Reached skill level 15 in Long Blades
 47984 | Vaults:2 | Paralysed by an orc sorcerer for 5 turns
 48224 | Vaults:2 | Noticed Mara
 48236 | Vaults:2 | Noticed Stirner's illusion
 48242 | Vaults:2 | Noticed Stirner's illusion
 48250 | Vaults:2 | Noticed Stirner's illusion
 48253 | Vaults:2 | Killed Mara
 48582 | Vaults:2 | Found Ettijitt's Book Shoppe.
 48735 | Vaults:2 | Identified the serpent talisman of Duveguno {Dex+3}
 48735 | Vaults:2 | Noticed Aizul
 48749 | Vaults:2 | Killed Aizul
 48885 | Vaults:2 | Noticed Saint Roka
 48903 | Vaults:2 | Killed Saint Roka
 48913 | Vaults:2 | Found Jatejimn's Armour Boutique.
 49340 | Vaults:2 | Reached XP level 21. HP: 171/171 MP: 23/39
 49357 | Vaults:2 | Found Kemaicez's Weapon Boutique.
 49357 | Vaults:2 | You fall into a shaft and drop 1 floor!
 49357 | Vaults:3 | Noticed Asterion
 49366 | Vaults:3 | Killed Asterion
 49559 | Vaults:3 | Found Hiran's Distillery.
 49562 | Vaults:3 | Bought a potion of mutation for 128 gold pieces
 49562 | Vaults:3 | Bought a potion of magic for 128 gold pieces
 49562 | Vaults:3 | Bought a potion of curing for 48 gold pieces
 49562 | Vaults:3 | Bought a potion of mutation for 128 gold pieces
 49562 | Vaults:3 | Bought a potion of curing for 48 gold pieces
 49982 | Vaults:3 | Found the +7 mace of Variability {chaos, chaos arc}
 51387 | Vaults:3 | Found a staircase to the Crypt.
 51994 | Vaults:4 | Found Rofotuma's Armour Emporium.
 53761 | Depths:1 | Entered Level 1 of the Depths
 53930 | Depths:1 | Reached XP level 22. HP: 184/184 MP: 16/40
 54422 | Depths:1 | Reached skill level 15 in Spellcasting
 54537 | Depths:1 | Found a white marble altar of Elyvilon.
 54658 | Depths:1 | Found a one-way gate leading to the halls of Pandemonium.
 54798 | Depths:1 | Found a bloodstained altar of Trog.
 55139 | Depths:1 | Found a gateway to Hell.
 55226 | Depths:1 | Reached XP level 23. HP: 191/191 MP: 42/42
 55354 | Depths:2 | Paralysed by a sphinx for 5 turns
 55581 | Depths:2 | Found a stormy altar of Qazlal.
 56179 | Depths:2 | Noticed a juggernaut
 56194 | Depths:2 | Found Zabosas's General Store.
 56213 | Depths:2 | Bought a wand of iceblast (5) for 216 gold pieces
 56213 | Depths:2 | Bought 2 potions of resistance for 360 gold pieces
 56611 | Depths:2 | Got the Cyclopedia of Shadowy Chilblains
 56970 | Depths:2 | Noticed a golden dragon
 56980 | Depths:2 | Killed a golden dragon
 56988 | Depths:2 | Killed a juggernaut
 57203 | Hell     | Entered the Vestibule of Hell
 57203 | Hell     | Noticed Geryon
 57473 | Depths:3 | Found a basalt altar of Yredelemnul.
 57587 | Depths:3 | Paralysed by a vampire knight for 2 turns
 57959 | Depths:3 | Found a shadowy altar of Dithmenos.
 58683 | Depths:3 | Identified the +7 halberd "Quybaomi" {flame, rPois Str+2
                  | Int+4}
 58693 | Depths:3 | Found a one-way gateway to a ziggurat.
 58693 | Depths:3 | Noticed an ancient lich
 58817 | Depths:3 | Killed an ancient lich
 59274 | Depths:3 | Reached XP level 24. HP: 142/204 MP: 43/43
 60115 | Depths:4 | Entered Level 4 of the Depths
 60168 | Depths:4 | Noticed Sojobo
 60247 | Depths:4 | Killed Sojobo
 60277 | Depths:4 | Found a flickering gateway to a bazaar.
 60292 | Bazaar   | Entered a bazaar
 60292 | Bazaar   | Found Ehavy's Jewellery Emporium.
 60295 | Bazaar   | Found Xoomuiph's Armour Boutique.
 60313 | Bazaar   | Found Eqyneuwace's Armour Shop.
 60317 | Bazaar   | Found Jepseras's Weapon Shoppe.
 60331 | Bazaar   | Found Gesisiel's Magic Scroll Boutique.
 60334 | Bazaar   | Bought a scroll of poison for 36 gold pieces
 60334 | Bazaar   | Bought a scroll of poison for 36 gold pieces
 60334 | Bazaar   | Bought a scroll of teleportation for 27 gold pieces
 60334 | Bazaar   | Bought a scroll of immolation for 36 gold pieces
 60334 | Bazaar   | Bought a scroll of fear for 36 gold pieces
 60334 | Bazaar   | Bought a scroll of silence for 85 gold pieces
 61084 | Depths:4 | Found a gate to the Realm of Zot.
 61778 | D:13     | Killed qdestroyer's ghost
 61788 | D:13     | Got Hininima's Guide on the Assembled Iceberg
 61988 | D:12     | Found a runed translucent door.
 62836 | Crypt:1  | Entered Level 1 of the Crypt
 62845 | Crypt:1  | Paralysed by a vampire knight for 4 turns
 63201 | Crypt:1  | Noticed Boris
 63209 | Crypt:1  | Killed Boris
 63409 | Crypt:1  | Found a basalt altar of Yredelemnul.
 63739 | Crypt:1  | Noticed Zenata
 63750 | Crypt:1  | Killed Zenata
 64042 | Crypt:1  | Noticed Jory
 64057 | Crypt:1  | Killed Jory
 64408 | Crypt:2  | Noticed Boris
 64414 | Crypt:2  | Killed Boris
 65008 | Crypt:2  | Identified the +0 leather armour of Tortured Fun {*Corrode
                  | rElec Stlth+}
 65185 | Crypt:3  | Entered Level 3 of the Crypt
 65437 | Crypt:3  | Noticed Boris
 65443 | Crypt:3  | Killed Boris
 65583 | Crypt:3  | Reached skill level 15 in Dodging
 65929 | Crypt:3  | Noticed Xtahua
 65943 | Crypt:3  | Killed Xtahua
 66212 | Crypt:3  | Identified the amulet "Itemuleku" {Acrobat +Blink rElec
                  | rPois Int-3}
 66375 | Crypt:3  | Reached XP level 25. HP: 208/210 MP: 17/43
 66562 | Crypt:3  | Found an ancient bone altar of Kikubaaqudgha.
 66563 | Crypt:3  | Noticed an ancient lich
 66567 | Crypt:3  | Killed an ancient lich
 66723 | Crypt:3  | Found a staircase to the Tomb.
 66840 | Crypt:3  | Got Logruq's Atlas of Despicable Rites
 66849 | Crypt:3  | Learned a level 4 spell: Passage of Golubria
 66979 | Crypt:3  | Identified the +5 scale mail of Divine Intervention {Harm
                  | rCorr}
 67067 | Tomb:1   | Entered Level 1 of the Tomb of the Ancients
 68410 | Tomb:1   | Noticed a royal mummy
 68417 | Tomb:1   | Killed a royal mummy
 68859 | Tomb:1   | Reached skill level 15 in Evocations
 70861 | Elf:2    | Found a runed translucent gate.
 70862 | Elf:2    | Found a runed translucent gate.
 70862 | Elf:2    | Found a runed translucent gate.
 71662 | Elf:3    | Entered Level 3 of the Elven Halls
 71663 | Elf:3    | Paralysed by an air elemental for 1 turns
 71747 | Elf:3    | Noticed Nikola
 71748 | Elf:3    | Found Wiogus's Weapon Shop.
 71749 | Elf:3    | Paralysed by an air elemental for 1 turns
 71763 | Elf:3    | Killed Nikola
 71865 | Elf:3    | Found a magical portal.
 71873 | Elf:3    | Found a runed translucent gate.
 71930 | WizLab   | Entered Cigotuvi's Fleshworks
 72283 | Elf:3    | Found a runed translucent gate.
 72284 | Elf:3    | Found a runed translucent gate.
 72285 | Elf:3    | Identified the +3 leather armour "Idurey" {Stlth+}
 72285 | Elf:3    | Noticed Igieh's ghost (journeyman DsFi)
 72290 | Elf:3    | Found an iron altar of Okawaru.
 72304 | Elf:3    | Killed Igieh's ghost
 72545 | Elf:3    | Reached XP level 26. HP: 218/218 MP: 29/43
 72642 | Elf:3    | Identified the +1 leather armour of the Distant Future
                  | {Will- Dex+7}
 73402 | Elf:3    | Identified the +7 lajatang of Susymp {protect, rF+ rN+
                  | Will+ rCorr}
 73667 | Elf:3    | Found the ring of the Mage {Wiz Archmagi}
 73825 | Elf:3    | Found the +2 Maxwell's thermic engine {flame, freeze, rev}
 73846 | Elf:3    | Identified the +0 chain mail "Wosir" {rPois Str+3}
 73849 | Elf:3    | Identified the ring of Suspected Treachery {Fire rElec
                  | Will+ Str+5 Slay-4}
 73864 | Elf:3    | Identified the +0 great sword "Juucviw" {vamp, Dex+3}
 73866 | Elf:3    | Identified the +0 chain mail of Pragmatism {Str+5 Dex+3}
 73868 | Elf:3    | Identified the +11 long sword of the Girdle {antimagic,
                  | rPois rN++ Dex-5 Stlth+}
 73875 | Elf:3    | Identified the +0 mace of Sunlight {freeze, Str+2 Dex+3}
 74050 | Elf:3    | Upgraded the game from 0.31-b1-22-gc680215f68 to 0.31.0
 74057 | Elf:3    | Learned a level 6 spell: Dispersal
 74130 | Elf:3    | Identified the +1 robe of Ino Deyb {rPois rF+}
 74491 | Slime:1  | Entered Level 1 of the Pits of Slime
 75941 | Slime:2  | Gained mutation: Your muscles are strong. (Str +4, Int/Dex
                  | -1) [a shining eye]
 76240 | Slime:1  | Gained mutation: You are dopey. (Int -2) [a shining eye]
 76531 | Slime:4  | Gained mutation: Your body sometimes deteriorates upon
                  | taking damage. [a shining eye]
 76667 | Slime:4  | Reached skill level 10 in Invocations
 76912 | Slime:5  | Entered Level 5 of the Pits of Slime
 77337 | Slime:5  | Noticed the Royal Jelly
 77416 | Slime:5  | Gained mutation: You are vulnerable to cold. (rC-) [a
                  | shining eye]
 77418 | Slime:5  | Gained mutation: Your health recovers twice as slowly from
                  | being drained. [a shining eye]
 77450 | Slime:5  | Killed the Royal Jelly
 77484 | Slime:4  | Lost mutation: Your muscles are strong. (Str +4, Int/Dex
                  | -1) [potion of mutation]
 77484 | Slime:4  | Lost mutation: You are dopey. (Int -2) [potion of mutation]
 77484 | Slime:4  | Lost mutation: You are vulnerable to cold. (rC-) [potion of
                  | mutation]
 77484 | Slime:4  | Gained mutation: You have a pair of small antennae on your
                  | head. [potion of mutation]
 77484 | Slime:4  | Gained mutation: You are strong-willed. (Will+) [potion of
                  | mutation]
 77660 | Slime:5  | Acquired a manual of Air Magic
 77682 | Slime:5  | Got a slimy rune of Zot
 77684 | Slime:5  | Got the Catalogue of the Unlucky Legion
 77692 | Slime:5  | Identified the +0 plate armour of Recklessness {Regen+
                  | Str+2}
 77704 | Slime:5  | Identified the +4 scale mail "Nyuriri Dafy" {rElec rC-
                  | Dex+5 Slay-6}
 77760 | Slime:5  | Got Zinug's Almanac of Illusion and the Tundra
 77811 | Slime:5  | Identified the +2 robe of Puopaf {rF+ rC- Will+ Int+2}
 77819 | Slime:5  | Identified the ring of Gasuips {+Blink rElec Will+ AC+4}
 78269 | Slime:5  | Upgraded the game from 0.31.0 to 0.31.0-2-g5a2aebc5c2
 78311 | Slime:5  | Identified the staff of Gallantry {+Blink Air Earth}
 78705 | Zot:1    | Entered Level 1 of the Realm of Zot
 78925 | Zot:1    | Noticed Parghit
 78932 | Zot:1    | Killed Parghit
 79418 | Zot:2    | Reached XP level 27. HP: 218/219 MP: 32/43
 79574 | Zot:1    | Identified the ring "Ecloff" {Ice Will+ Str+3}
 79574 | Zot:1    | Noticed Josephina
 79588 | Zot:1    | Killed Josephina
 80594 | Zot:2    | Reached skill level 1 in Shapeshifting
 82886 | Zot:4    | Noticed an orb of fire
 82887 | Zot:4    | Gained mutation: You occasionally shout uncontrollably at
                  | your foes. [an orb of fire]
 82896 | Zot:4    | Killed an orb of fire
 82897 | Zot:4    | Reached skill level 15 in Invocations
 82899 | Zot:3    | Lost mutation: Your health recovers twice as slowly from
                  | being drained. [potion of mutation]
 82899 | Zot:3    | Lost mutation: Your body sometimes deteriorates upon taking
                  | damage. [potion of mutation]
 82899 | Zot:3    | Lost mutation: You are strong-willed. (Will+) [potion of
                  | mutation]
 82899 | Zot:3    | Gained mutation: You have a somewhat thin skeletal
                  | structure. (Dex +2, Stealth+) [potion of mutation]
 82899 | Zot:3    | Gained mutation: Your mind is acute. (Int +4, Str/Dex -1)
                  | [potion of mutation]
 82959 | Zot:4    | Noticed an orb of fire
 83262 | Zot:4    | Reached skill level 15 in Translocations
 83327 | Zot:4    | Reached skill level 5 in Shapeshifting
 83375 | Zot:4    | Killed an orb of fire
 84047 | Zot:5    | Entered Level 5 of the Realm of Zot
 84805 | Zot:5    | Noticed an ancient lich
 84821 | Zot:5    | Killed an ancient lich
 84825 | Zot:5    | Noticed an ancient lich
 84841 | Zot:5    | Noticed an orb of fire
 85286 | Hell     | Noticed Murray
 85408 | Depths:4 | Killed Murray
 85824 | Hell     | Killed Geryon
 86008 | Hell     | Gained mutation: Your body sometimes deteriorates upon
                  | taking damage. [a cacodemon]
 86343 | Hell     | Found a gateway to the ashen valley of Gehenna.
 86383 | Hell     | Paralysed by a wendigo for 1 turns
 86386 | Hell     | Paralysed by a wendigo for 1 turns
 86517 | Hell     | Found a gateway to the decaying netherworld of Tartarus.
 86853 | Hell     | Found a gateway to the freezing wastes of Cocytus.
 87049 | Hell     | Found a gateway to the Iron City of Dis.
 87470 | Vaults:5 | Entered Level 5 of the Vaults
 87817 | Vaults:5 | Reached skill level 10 in Shapeshifting
 89031 | Vaults:5 | Identified the +8 falchion of the Harvest {flame, rC+++ rN+
                  | Str+3 Int-4}
 89250 | Vaults:5 | Got the Codex of Bewitching Summoning
 89257 | Vaults:5 | Noticed a dread lich
 89263 | Vaults:5 | Killed a dread lich
 89298 | Vaults:5 | Identified the staff "Wemirgho" {rF- rN+ Int+6 Earth}
 89308 | Vaults:5 | Got a silver rune of Zot
 89484 | Vaults:5 | Identified the +3 morningstar "Neisah" {freeze, Will+}
 89571 | Vaults:5 | Identified the +6 broad axe "Qeyrul" {drain, rPois rN+++
                  | Str-5 Dex-4}
 89764 | Vaults:5 | Identified the +6 orcbow "Ojem" {flame, rPois Dex+2}
 89903 | Vaults:5 | Noticed an ancient lich
 89908 | Vaults:5 | Killed an ancient lich
 90173 | Vaults:4 | Bought a +1 hat for 165 gold pieces
 90444 | Orc:2    | Bought a scroll of enchant armour for 75 gold pieces
 90778 | Depths:3 | Voluntarily entered the Abyss.
 91054 | Abyss:1  | Reached skill level 15 in Shapeshifting
 91524 | Abyss:1  | Found a corrupted altar of Lugonu.
 91541 | Abyss:1  | Lost mutation: Your mind is acute. (Int +4, Str/Dex -1) [a
                  | neqoxec]
 92906 | Abyss:2  | Paralysed by accursed screaming for 1 turns
 92907 | Abyss:2  | Noticed a dread lich
 92913 | Abyss:2  | Paralysed by accursed screaming for 1 turns
 92922 | Abyss:3  | Killed a dread lich
 92927 | Depths:3 | Escaped the Abyss
 93184 | Depths:3 | Voluntarily entered the Abyss.
 93198 | Abyss:3  | Found a corrupted altar of Lugonu.
 93653 | Abyss:3  | Got an abyssal rune of Zot
 93695 | Depths:3 | Escaped the Abyss
 94195 | Vaults:1 | Identified the ring of Hubomapu {rN+ Str+5 Int+3 Dex-3
                  | SInv}
 94210 | Vaults:1 | Identified the +9 sling of the Median {flame, Fly rC+ SInv}
 94855 | Pan      | Entered Pandemonium
 95194 | Pan      | Noticed Juisozuv the pandemonium lord
 95205 | Pan      | Killed Juisozuv the pandemonium lord
 96351 | Depths:3 | Escaped Pandemonium
 96356 | Pan      | Entered Pandemonium
 96395 | Pan      | Noticed Ytwyo the pandemonium lord
 96408 | Pan      | Killed Ytwyo the pandemonium lord
 96782 | Pan      | Noticed Ignacio
 96791 | Pan      | Killed Ignacio
 97585 | Pan      | Noticed Unoig the pandemonium lord
 97594 | Pan      | Killed Unoig the pandemonium lord
 97662 | Pan      | Found an exit through the horrors of the Abyss.
 98396 | Pan      | Identified the +0 ring mail "Quggeete" {SInv}
100247 | Pan      | Noticed Nesch the pandemonium lord
100259 | Pan      | Killed Nesch the pandemonium lord
102978 | Pan      | Found an exit through the horrors of the Abyss.
103709 | Pan      | Noticed Jigh the pandemonium lord
103713 | Pan      | Killed Jigh the pandemonium lord
103725 | Pan      | Identified the +12 flail of Dim Light {flame, Str+4 Dex-4}
104933 | Pan      | Upgraded the game from 0.31.0-2-g5a2aebc5c2 to
                  | 0.31.0-4-g52a2dc7128
106622 | Depths:3 | Escaped Pandemonium
106669 | Pan      | Entered the realm of Lom Lobon.
106669 | Pan      | Entered Pandemonium
106669 | Pan      | Noticed Lom Lobon
107482 | Pan      | Killed Lom Lobon
107493 | Pan      | Got a magical rune of Zot
108101 | Pan      | Noticed Doinnoto the pandemonium lord
108121 | Pan      | Killed Doinnoto the pandemonium lord
108310 | Pan      | Got a demonic rune of Zot
108362 | Pan      | Identified the +11 spear of an ossuary {holy, Int+3}
109884 | Pan      | Identified the +3 short sword of Xiargh {holy, Dex+3}
110549 | Pan      | Found an exit through the horrors of the Abyss.
110594 | Pan      | Noticed Hottoxt the pandemonium lord
110599 | Pan      | Killed Hottoxt the pandemonium lord
110747 | Pan      | Acquired a manual of Spellcasting
112034 | Pan      | Noticed Zudadd the pandemonium lord
112048 | Pan      | Killed Zudadd the pandemonium lord
112179 | Pan      | Found an exit through the horrors of the Abyss.
112832 | Pan      | Noticed Berott the pandemonium lord
112847 | Pan      | Killed Berott the pandemonium lord
113007 | Pan      | Found an exit through the horrors of the Abyss.
114446 | Depths:3 | Escaped Pandemonium
114462 | Pan      | Entered Pandemonium
114650 | Pan      | Found a white marble altar of Elyvilon.
115481 | Pan      | Identified the +3 tower shield of Myxuss {Regen+ Str+4
                  | Dex-2}
115493 | Pan      | Found a glowing silver altar of Zin.
117374 | Pan      | Identified the +6 dagger of Kismet {holy, *Slow rC++ Str+3}
117379 | Pan      | Noticed a seraph
118200 | Pan      | Killed a seraph
118593 | Pan      | Identified the ring of Piasoiwk {EV+5 Int+5 Dex+3}
118698 | Pan      | Found a glowing golden altar of the Shining One.
118749 | Pan      | Identified the +5 dagger of the Vine {drain, rN+ rCorr}
119419 | Pan      | Identified the +3 tower shield of Past Mistakes {Rampage
                  | rC+++ Will- Regen+}
119547 | Pan      | Reached skill level 27 in Long Blades
120483 | Pan      | Reached skill level 27 in Fighting
123368 | Pan      | Identified the +3 tower shield of Noughts and Crosses
                  | {Str+3 Int+3 SInv Stlth-}
123536 | Depths:3 | Escaped Pandemonium
123550 | Pan      | Entered Pandemonium
123699 | Pan      | Found an exit through the horrors of the Abyss.
123748 | Pan      | Identified the +0 tower shield of Feasting {-Cast rCorr
                  | Str+8}
123884 | Pan      | Found a runed translucent door.
124321 | Pan      | Noticed Mimup the pandemonium lord
124328 | Pan      | Killed Mimup the pandemonium lord
124779 | Pan      | Reached skill level 15 in Air Magic
124825 | Depths:3 | Escaped Pandemonium
124833 | Pan      | Entered Pandemonium
125006 | Pan      | Learned a level 8 spell: Maxwell's Capacitive Coupling
125232 | Pan      | Noticed Vouliror the pandemonium lord
125236 | Pan      | Killed Vouliror the pandemonium lord
126741 | Pan      | Noticed Puamewn the pandemonium lord
126747 | Pan      | Found an exit through the horrors of the Abyss.
126758 | Pan      | Killed Puamewn the pandemonium lord
127346 | Pan      | Entered the realm of Mnoleg.
127618 | Pan      | Noticed Mnoleg
127921 | Pan      | Noticed Mennas
127970 | Pan      | Killed Mnoleg
128254 | Pan      | Got a glowing rune of Zot
128517 | Pan      | Killed Mennas
131980 | Pan      | Noticed Ytehat the pandemonium lord
131993 | Pan      | Killed Ytehat the pandemonium lord
132202 | Pan      | Identified the staff of the Sneaky Lovers {rElec rPois
                  | Dex+3 Alchemy}
132923 | Pan      | Noticed Woabak the pandemonium lord
132933 | Pan      | Killed Woabak the pandemonium lord
132989 | Pan      | Identified the +0 chain mail "Haatuch" {Str+2 SInv}
133256 | Pan      | Found an exit through the horrors of the Abyss.
133794 | Pan      | Identified the +7 orcbow "Fyppom" {heavy, Int+2}
134002 | Pan      | Noticed Siakor the pandemonium lord
134011 | Pan      | Killed Siakor the pandemonium lord
134228 | Pan      | Found an exit through the horrors of the Abyss.
134585 | Pan      | Found a transporter.
134654 | Pan      | Found a transporter.
134991 | Pan      | Identified the ring of Xom's Sleight of Hands {rPois EV+5
                  | Str+4 Dex-4 Stlth+}
135002 | Pan      | Identified the ring "Cufono" {Ice rPois rN+ Dex-2 SInv}
135028 | Pan      | Identified the amulet "Ranutozi" {-Tele rF+ Regen+ Str+3}
135033 | Pan      | Identified the ring "Etiec" {rPois rF- rN+ Dex+4}
135413 | Pan      | Found an exit through the horrors of the Abyss.
135777 | Depths:3 | Escaped Pandemonium
135788 | Pan      | Entered the realm of Gloorx Vloq.
135788 | Pan      | Entered Pandemonium
136028 | Pan      | Reached skill level 27 in Armour
136278 | Pan      | Noticed Gloorx Vloq
136287 | Pan      | Killed Gloorx Vloq
136349 | Pan      | Got a dark rune of Zot
136542 | Pan      | Reached skill level 27 in Shields
137028 | Pan      | Entered the realm of Cerebov.
137042 | Pan      | Identified the +2 glaive "Ytoorourch" {spect, Int+3}
137130 | Pan      | Identified the +1 falchion of Internal Strife {elec, Int+6
                  | Dex-3}
137143 | Pan      | Found the +6 sword of Cerebov {flame}
137143 | Pan      | Noticed Cerebov
137151 | Pan      | Killed Cerebov
137287 | Pan      | Got a fiery rune of Zot
137457 | Pan      | Identified the staff of the Fray {Dex+3 Conj}
137484 | Pan      | Learned a level 6 spell: Plasma Beam
137493 | Pan      | Learned a level 8 spell: Disjunction
137498 | Pan      | Learned a level 4 spell: Summon Lightning Spire
137602 | Pan      | Reached skill level 1 in Summonings
137603 | Pan      | Reached skill level 1 in Fire Magic
137891 | Pan      | Found an exit through the horrors of the Abyss.
138350 | Pan      | Found an exit through the horrors of the Abyss.
138605 | Pan      | Noticed Zasicymu the pandemonium lord
138609 | Pan      | Killed Zasicymu the pandemonium lord
139280 | Pan      | Reached skill level 5 in Fire Magic
140097 | Depths:3 | Escaped Pandemonium
140104 | Depths:3 | Lost mutation: You have a pair of small antennae on your
                  | head. [potion of mutation]
140104 | Depths:3 | Lost mutation: Your body sometimes deteriorates upon taking
                  | damage. [potion of mutation]
140104 | Depths:3 | Lost mutation: You have a somewhat thin skeletal structure.
                  | (Dex +2, Stealth+) [potion of mutation]
140104 | Depths:3 | Gained mutation: You are dopey. (Int -2) [potion of
                  | mutation]
140104 | Depths:3 | Gained mutation: You are robust. (+10% HP) [potion of
                  | mutation]
140105 | Depths:3 | Lost mutation: You are robust. (+10% HP) [potion of
                  | mutation]
140105 | Depths:3 | Lost mutation: You occasionally shout uncontrollably at
                  | your foes. [potion of mutation]
140105 | Depths:3 | Lost mutation: You are dopey. (Int -2) [potion of mutation]
140105 | Depths:3 | Gained mutation: Your mind is acute. (Int +4, Str/Dex -1)
                  | [potion of mutation]
140105 | Depths:3 | Gained mutation: You are vulnerable to heat. (rF-) [potion
                  | of mutation]
140105 | Depths:3 | Gained mutation: You have large cloven feet. [potion of
                  | mutation]
140117 | Depths:3 | Lost mutation: Your mind is acute. (Int +4, Str/Dex -1)
                  | [potion of mutation]
140117 | Depths:3 | Lost mutation: You are vulnerable to heat. (rF-) [potion of
                  | mutation]
140117 | Depths:3 | Gained mutation: Armour fits poorly on your strangely
                  | shaped body. [potion of mutation]
140117 | Depths:3 | Gained mutation: You have very sharp teeth. [potion of
                  | mutation]
140117 | Depths:3 | Gained mutation: You have hoof-like feet. [potion of
                  | mutation]
140118 | Depths:3 | Lost mutation: You have very sharp teeth. [potion of
                  | mutation]
140118 | Depths:3 | Lost mutation: You have hoof-like feet. [potion of
                  | mutation]
140118 | Depths:3 | Gained mutation: You are weak. (Str -2) [potion of
                  | mutation]
140118 | Depths:3 | Gained mutation: Your movements are slightly less
                  | encumbered by armour. (ER -2) [potion of mutation]
140119 | Depths:3 | Lost mutation: Your movements are slightly less encumbered
                  | by armour. (ER -2) [potion of mutation]
140119 | Depths:3 | Lost mutation: Armour fits poorly on your strangely shaped
                  | body. [potion of mutation]
140119 | Depths:3 | Gained mutation: Your flesh is cold resistant. (rC+)
                  | [potion of mutation]
140290 | Zot:5    | Killed an ancient lich
140291 | Zot:5    | Reached skill level 1 in Necromancy
140294 | Zot:5    | Killed an orb of fire
140515 | Zot:5    | Noticed an orb of fire
140517 | Zot:5    | Noticed a dread lich
140522 | Zot:5    | Killed an orb of fire
140529 | Zot:5    | Noticed an orb of fire
140531 | Zot:5    | Killed a dread lich
140531 | Zot:5    | Noticed an orb of fire
140532 | Zot:5    | Noticed an orb of fire
140534 | Zot:5    | Noticed an orb of fire
140543 | Zot:4    | Killed an orb of fire
140870 | Zot:4    | Killed an orb of fire
140972 | Zot:4    | Killed an orb of fire
141091 | Zot:4    | Killed an orb of fire
141160 | Zot:5    | Reached skill level 5 in Necromancy
141867 | Zot:5    | Identified the +2 leather armour of the Falcon {*Slow rPois
                  | Will++ Str+2}
142491 | Pan      | Entered Pandemonium
142599 | Pan      | Noticed Jismonte the pandemonium lord
142614 | Pan      | Killed Jismonte the pandemonium lord
142984 | Pan      | Found an exit through the horrors of the Abyss.
143442 | Depths:3 | Escaped Pandemonium
143447 | Pan      | Entered Pandemonium
143490 | Pan      | Reached skill level 10 in Fire Magic
143807 | Pan      | Found an exit through the horrors of the Abyss.
143824 | Pan      | Reached skill level 10 in Necromancy
144057 | Pan      | Noticed Teskul the pandemonium lord
144574 | Pan      | Killed Teskul the pandemonium lord
145469 | Depths:3 | Escaped Pandemonium
145481 | Pan      | Entered Pandemonium
145625 | Pan      | Noticed Gufafeon the pandemonium lord
145630 | Pan      | Killed Gufafeon the pandemonium lord
145884 | Pan      | Identified the +2 robe of Cheibriados's Regard {^Contam
                  | Int+4}
145959 | Pan      | Found an exit through the horrors of the Abyss.
146455 | Pan      | Identified the +8 glaive of the Lame Duck {vamp, *Rage
                  | ^Fragile rCorr Dex+4}
146795 | Pan      | Found an exit through the horrors of the Abyss.
147128 | Pan      | Identified the +3 leather armour of Jabaur {rPois rC+}
147752 | Pan      | Noticed Daps the pandemonium lord
147759 | Pan      | Killed Daps the pandemonium lord
148069 | Pan      | Noticed Jeiss the pandemonium lord
148078 | Pan      | Killed Jeiss the pandemonium lord
148245 | Pan      | Identified the +6 war axe of the Final Decision {elec,
                  | MP+9}
148309 | Pan      | Identified the +1 pair of boots of Efuizev {Harm}
148414 | Pan      | Found an exit through the horrors of the Abyss.
148491 | Pan      | Reached skill level 15 in Fire Magic
149054 | Pan      | Noticed Uweaskoh the pandemonium lord
149057 | Pan      | Killed Uweaskoh the pandemonium lord
149188 | Pan      | Got the Compilation of Terra Cotta
149225 | Pan      | Learned a level 6 spell: Death Channel
149304 | Pan      | Found an exit through the horrors of the Abyss.
149607 | Pan      | Learned a level 4 spell: Animate Dead
149812 | Depths:3 | Escaped Pandemonium
149829 | Pan      | Entered Pandemonium
150136 | Pan      | Found an exit through the horrors of the Abyss.
150204 | Pan      | Noticed Ygecoshut the pandemonium lord
150938 | Pan      | Killed Ygecoshut the pandemonium lord
151604 | Depths:3 | Escaped Pandemonium
151658 | Pan      | Entered Pandemonium
152177 | Pan      | Noticed Vipten Beri the pandemonium lord
152180 | Pan      | Reached skill level 15 in Necromancy
152202 | Pan      | Killed Vipten Beri the pandemonium lord
152542 | Pan      | Learned a level 8 spell: Ignition
152705 | Depths:3 | Escaped Pandemonium
152709 | Pan      | Entered Pandemonium
152815 | Pan      | Noticed Feofoebb the pandemonium lord
152820 | Pan      | Killed Feofoebb the pandemonium lord
152821 | Pan      | Reached skill level 5 in Summonings
153925 | Depths:3 | Escaped Pandemonium
153932 | Pan      | Entered Pandemonium
154148 | Pan      | Noticed Haanoig the pandemonium lord
154158 | Pan      | Found an exit through the horrors of the Abyss.
154184 | Pan      | Killed Haanoig the pandemonium lord
154423 | Pan      | Reached skill level 1 in Stealth
155186 | Pan      | Reached skill level 10 in Summonings
155218 | Pan      | Noticed Okladyri the pandemonium lord
155227 | Pan      | Killed Okladyri the pandemonium lord
155947 | Pan      | Found an exit through the horrors of the Abyss.
156411 | Depths:3 | Escaped Pandemonium
156417 | Pan      | Entered Pandemonium
156477 | Pan      | Noticed Qioclath the pandemonium lord
156654 | Pan      | Found an exit through the horrors of the Abyss.
156831 | Pan      | Killed Qioclath the pandemonium lord
157972 | Pan      | Found an exit through the horrors of the Abyss.
158435 | Pan      | Noticed Wepp the pandemonium lord
158446 | Pan      | Killed Wepp the pandemonium lord
159916 | Pan      | Found an exit through the horrors of the Abyss.
160018 | Pan      | Found a runed translucent door.
160041 | Pan      | Noticed Mytraly the pandemonium lord
160045 | Pan      | Killed Mytraly the pandemonium lord
160301 | Pan      | Reached skill level 15 in Summonings
160839 | Depths:3 | Escaped Pandemonium
160850 | Pan      | Entered Pandemonium
160966 | Pan      | Noticed Xasmubru the pandemonium lord
160973 | Pan      | Killed Xasmubru the pandemonium lord
161994 | Pan      | Noticed Daziwa Tiob the pandemonium lord
162136 | Pan      | Killed Daziwa Tiob the pandemonium lord
162147 | Pan      | Found an exit through the horrors of the Abyss.
163091 | Pan      | Noticed Wiant the pandemonium lord
163107 | Pan      | Killed Wiant the pandemonium lord
163660 | Pan      | Found a runed translucent door.
164008 | Pan      | Found an exit through the horrors of the Abyss.
164015 | Pan      | Found a runed translucent door.
164034 | Pan      | Found a runed translucent door.
164200 | Pan      | Found a runed translucent door.
164383 | Pan      | Noticed Opleedie the pandemonium lord
164387 | Pan      | Killed Opleedie the pandemonium lord
164404 | Pan      | Got the Collected Works on Wanderlust and Silt
164785 | Depths:3 | Escaped Pandemonium
164794 | Pan      | Entered Pandemonium
164794 | Pan      | Found an opulent altar of Gozag.
164794 | Pan      | Found Erau's Fine Accessories.
164812 | Pan      | Found Erau's Jewellery Boutique.
164812 | Pan      | Found an opulent altar of Gozag.
164826 | Pan      | Noticed Erau the pandemonium lord
164838 | Pan      | Killed Erau the pandemonium lord
165002 | Pan      | Noticed a dread lich
165017 | Pan      | Killed a dread lich
165111 | Pan      | Found Erau's Assorted Sundries.
165119 | Pan      | Found Erau's Rarities Hole.
165133 | Pan      | Found an opulent altar of Gozag.
165137 | Pan      | Bought 2 potions of ambrosia for 272 gold pieces
165137 | Pan      | Bought a potion of curing for 51 gold pieces
165137 | Pan      | Bought a scroll of blinking for 127 gold pieces
165939 | Pan      | Bought the ring "Ubemetisi" {AC+4 Str+2 Int+2} for 873 gold
                  | pieces
165939 | Pan      | Bought the amulet of Dogma {Reflect ^Drain rC+ Str+2 Dex+3
                  | SH+5} for 831 gold pieces
165939 | Pan      | Bought the +0 pair of gloves of Lesser Demons {rPois
                  | Regen+} for 266 gold pieces
165939 | Pan      | Bought the +3 pair of gloves "Ohat" {Harm Stlth+} for 498
                  | gold pieces
165951 | Pan      | Bought a wand of charming (1) for 36 gold pieces
165951 | Pan      | Bought a wand of iceblast (6) for 216 gold pieces
165951 | Pan      | Bought a wand of charming (4) for 144 gold pieces
165951 | Pan      | Bought a wand of mindburst (4) for 84 gold pieces
165951 | Pan      | Bought a wand of acid (8) for 504 gold pieces
165951 | Pan      | Bought a wand of digging (4) for 252 gold pieces
165962 | Pan      | Bought the ring "Kixkoh" {rC++ EV+5 Int+3} for 734 gold
                  | pieces
165991 | Depths:3 | Escaped Pandemonium
166003 | Pan      | Entered Pandemonium
166271 | Pan      | Learned a level 8 spell: Summon Horrible Things
166281 | Pan      | Noticed Tuuntoarch the pandemonium lord
166291 | Pan      | Killed Tuuntoarch the pandemonium lord
167032 | Pan      | Found an exit through the horrors of the Abyss.
167675 | Pan      | Found an exit through the horrors of the Abyss.
168121 | Pan      | Noticed Ehenos the pandemonium lord
168135 | Pan      | Killed Ehenos the pandemonium lord
169085 | Pan      | Noticed Luhimuyr the pandemonium lord
169100 | Pan      | Killed Luhimuyr the pandemonium lord
169200 | Pan      | Found an exit through the horrors of the Abyss.
169746 | Pan      | Noticed Bonkeivo the pandemonium lord
169752 | Pan      | Killed Bonkeivo the pandemonium lord
170937 | Pan      | Noticed Racru the pandemonium lord
170947 | Pan      | Killed Racru the pandemonium lord
171683 | Pan      | Found an exit through the horrors of the Abyss.
172225 | Pan      | Identified the maw talisman "Zeadear" {Int+3}
172655 | Depths:3 | Escaped Pandemonium
172665 | Pan      | Entered Pandemonium
172840 | Pan      | Noticed Wasaosch the pandemonium lord
172851 | Pan      | Killed Wasaosch the pandemonium lord
173065 | Pan      | Found an exit through the horrors of the Abyss.
173313 | Pan      | Reached skill level 27 in Fire Magic
173798 | Pan      | Found a huge runed translucent gate.
173818 | Pan      | Found a huge runed translucent gate.
173819 | Pan      | Found a huge runed translucent gate.
173823 | Pan      | Found a huge runed translucent gate.
173867 | Pan      | Found a huge runed translucent gate.
173867 | Pan      | Found a huge runed translucent gate.
173867 | Pan      | Found a huge runed translucent gate.
174266 | Pan      | Found an exit through the horrors of the Abyss.
174978 | Pan      | Noticed Oraepp the pandemonium lord
175058 | Pan      | Reached skill level 27 in Air Magic
175059 | Pan      | Killed Oraepp the pandemonium lord
175223 | Depths:3 | Escaped Pandemonium
175228 | Pan      | Entered Pandemonium
175291 | Pan      | Noticed Usugoun the pandemonium lord
175306 | Pan      | Killed Usugoun the pandemonium lord
175636 | Pan      | Reached skill level 27 in Spellcasting
175664 | Pan      | Found an exit through the horrors of the Abyss.
175753 | Pan      | Reached skill level 1 in Ice Magic
176629 | Depths:3 | Escaped Pandemonium
176635 | Pan      | Entered Pandemonium
176718 | Pan      | Reached skill level 5 in Ice Magic
177306 | Pan      | Noticed Feson the pandemonium lord
177317 | Pan      | Killed Feson the pandemonium lord
178216 | Pan      | Noticed Fiociz the pandemonium lord
178229 | Pan      | Killed Fiociz the pandemonium lord
178460 | Pan      | Found an exit through the horrors of the Abyss.
179414 | Depths:3 | Escaped Pandemonium
179427 | Depths:3 | Learned a level 7 spell: Ozocubu's Refrigeration
179434 | Pan      | Entered Pandemonium
179440 | Pan      | Noticed Ciusotos the pandemonium lord
179449 | Pan      | Killed Ciusotos the pandemonium lord
179466 | Pan      | Reached skill level 10 in Ice Magic
179564 | Pan      | Found an exit through the horrors of the Abyss.
179565 | Pan      | Identified the +10 great mace of the Realm of Zot {speed,
                  | Str+2 Dex+2}
179897 | Pan      | Identified the +4 mace of Sloth {vamp, rF- Int+4}
180294 | Depths:3 | Escaped Pandemonium
180300 | Pan      | Entered Pandemonium
180704 | Pan      | Reached skill level 27 in Summonings
180820 | Pan      | Noticed Pocwybb the pandemonium lord
180830 | Pan      | Killed Pocwybb the pandemonium lord
180872 | Pan      | Found an exit through the horrors of the Abyss.
181498 | Pan      | Reached skill level 27 in Dodging
181678 | Depths:3 | Escaped Pandemonium
181693 | Pan      | Entered Pandemonium
182224 | Pan      | Noticed Woqoireemo the pandemonium lord
182236 | Pan      | Killed Woqoireemo the pandemonium lord
182602 | Pan      | Reached skill level 15 in Ice Magic
182602 | Pan      | Found an exit through the horrors of the Abyss.
183633 | Pan      | Identified the +1 great sword "Kiedoer" {drain, rElec rC+
                  | rN+}
183808 | Pan      | Noticed Wahokk the pandemonium lord
183819 | Pan      | Killed Wahokk the pandemonium lord
183833 | Pan      | Identified the +6 scale mail "Opro" {rPois rC+}
183937 | Pan      | Found an exit through the horrors of the Abyss.
183954 | Pan      | Acquired a book of Battle
184202 | Depths:3 | Escaped Pandemonium
184209 | Depths:3 | Learned a level 3 spell: Fugue of the Fallen
184214 | Pan      | Entered Pandemonium
184265 | Pan      | Noticed Batet the pandemonium lord
184273 | Pan      | Killed Batet the pandemonium lord
184763 | Pan      | Found an exit through the horrors of the Abyss.
185709 | Pan      | Noticed Weeprauc the pandemonium lord
185715 | Pan      | Killed Weeprauc the pandemonium lord
186765 | Pan      | Found an exit through the horrors of the Abyss.
186812 | Pan      | Noticed Hepsun the pandemonium lord
186816 | Pan      | Killed Hepsun the pandemonium lord
187039 | Pan      | Identified the ring of Hixiwut {MP-9 AC+4 Str+2 Int+3}
189160 | Pan      | Found an exit through the horrors of the Abyss.
189630 | Pan      | Noticed Ifeusom the pandemonium lord
189634 | Pan      | Killed Ifeusom the pandemonium lord
190158 | Depths:3 | Escaped Pandemonium
190170 | Pan      | Entered Pandemonium
190196 | Pan      | Noticed Paar the pandemonium lord
190205 | Pan      | Killed Paar the pandemonium lord
190830 | Pan      | Reached skill level 27 in Ice Magic
191386 | Pan      | Noticed Ferhalec the pandemonium lord
191393 | Pan      | Killed Ferhalec the pandemonium lord
191760 | Pan      | Found an exit through the horrors of the Abyss.
192749 | Pan      | Noticed Hiod the pandemonium lord
192766 | Pan      | Killed Hiod the pandemonium lord
192966 | Pan      | Identified the +0 chain mail "Gicemair" {Harm Str+3}
193074 | Pan      | Found an exit through the horrors of the Abyss.
193619 | Pan      | Noticed Gunoex the pandemonium lord
193626 | Pan      | Killed Gunoex the pandemonium lord
193647 | Pan      | Reached skill level 27 in Evocations
193823 | Pan      | Found an exit through the horrors of the Abyss.
194574 | Pan      | Noticed Lott the pandemonium lord
194593 | Pan      | Killed Lott the pandemonium lord
195593 | Pan      | Found an exit through the horrors of the Abyss.
195903 | Pan      | Noticed Noanto the pandemonium lord
195912 | Pan      | Killed Noanto the pandemonium lord
195958 | Pan      | Found an exit through the horrors of the Abyss.
196738 | Depths:3 | Escaped Pandemonium
196781 | Depths:3 | Upgraded the game from 0.31.0-4-g52a2dc7128 to
                  | 0.31.0-7-gf635a9b802
197244 | Depths:3 | Learned a level 9 spell: Polar Vortex
197264 | Pan      | Entered Pandemonium
197403 | Pan      | Noticed Noutteof the pandemonium lord
197414 | Pan      | Killed Noutteof the pandemonium lord
197465 | Pan      | Found an exit through the horrors of the Abyss.
198212 | Pan      | Noticed Koegeyq the pandemonium lord
198217 | Pan      | Reached skill level 5 in Throwing
198225 | Pan      | Killed Koegeyq the pandemonium lord
198888 | Pan      | Upgraded the game from 0.31.0-7-gf635a9b802 to
                  | 0.31.0-9-g3a7656b989
199043 | Pan      | Found an exit through the horrors of the Abyss.
199082 | Pan      | Noticed Ditovoc the pandemonium lord
199090 | Pan      | Killed Ditovoc the pandemonium lord
199091 | Pan      | Reached skill level 10 in Throwing
199315 | Pan      | Found a runed translucent door.
199915 | Depths:3 | Escaped Pandemonium
200051 | Geh:1    | Entered Level 1 of Gehenna
200683 | Geh:3    | Reached skill level 15 in Throwing
201991 | Geh:7    | Entered Level 7 of Gehenna
202190 | Geh:7    | Noticed the Serpent of Hell
202204 | Geh:7    | Killed the Serpent of Hell
202571 | Geh:7    | Identified the +1 robe of the Squeaky God {Dex+4 Stlth+}
203466 | Geh:7    | Identified the +2 helmet "Ysisarof" {rPois Int+3}
203533 | Geh:7    | Found the +13 sceptre of Asmodeus
203533 | Geh:7    | Noticed Asmodeus
203537 | Geh:7    | Killed Asmodeus
203554 | Geh:7    | Got Nossa's Encyclopedia of the Maledictive Gathering
203556 | Geh:7    | Got an obsidian rune of Zot
203561 | Geh:7    | Identified the +0 chain mail "Juki" {+Blink rF+ Will+
                  | Str-2}
204006 | Coc:1    | Entered Level 1 of Cocytus
204017 | Coc:1    | Paralysed by a wendigo for 1 turns
204698 | Coc:4    | Noticed a dread lich
204707 | Coc:4    | Killed a dread lich
204895 | Coc:5    | Paralysed by a wendigo for 1 turns
205495 | Coc:7    | Entered Level 7 of Cocytus
206496 | Coc:7    | Noticed Antaeus
206501 | Coc:7    | Killed Antaeus
206529 | Coc:7    | Got an icy rune of Zot
206535 | Coc:7    | Identified the +9 shortbow of Zishy {drain, ^Drain rF+
                  | Int+4 Dex+4}
206536 | Coc:7    | Identified the +3 halberd "Boptuzul" {holy, ^Contam rElec
                  | rN++}
206777 | Coc:7    | Identified the staff of Inquiry {Int+3 Conj}
206786 | Coc:7    | Identified the ring of Elitism {Ice ^Contam Will+ rCorr
                  | Int+3}
206939 | Tar:1    | Entered Level 1 of Tartarus
207164 | Tar:2    | Reached skill level 27 in Throwing
207177 | Tar:2    | Reached skill level 1 in Earth Magic
207575 | Tar:3    | Reached skill level 5 in Earth Magic
208211 | Tar:5    | You fall into a shaft and drop 1 floor!
208220 | Tar:6    | Reached skill level 10 in Earth Magic
208422 | Tar:7    | Entered Level 7 of Tartarus
208613 | Tar:7    | Noticed an ancient lich
208621 | Tar:7    | Killed an ancient lich
208943 | Tar:7    | Noticed an ancient lich
208949 | Tar:7    | Killed an ancient lich
208950 | Tar:7    | Reached skill level 15 in Earth Magic
209168 | Tar:7    | Noticed Ereshkigal
209209 | Tar:7    | Killed Ereshkigal
209688 | Tar:7    | Noticed a dread lich
209692 | Tar:7    | Killed a dread lich
209796 | Tar:7    | Noticed a dread lich
209799 | Tar:7    | Killed a dread lich
209874 | Tar:7    | Got a bone rune of Zot
210480 | Pan      | Entered Pandemonium
210480 | Pan      | Found an exit through the horrors of the Abyss.
210830 | Pan      | Noticed Ycwonag the pandemonium lord
210840 | Pan      | Killed Ycwonag the pandemonium lord
210881 | Pan      | Identified the amulet "Diacoi" {Faith *Slow rN++ rCorr
                  | Stlth+}
211943 | Pan      | Noticed Cyona Hia the pandemonium lord
211953 | Pan      | Killed Cyona Hia the pandemonium lord
212521 | Depths:3 | Escaped Pandemonium
212528 | Pan      | Entered Pandemonium
212528 | Pan      | Found an exit through the horrors of the Abyss.
212613 | Pan      | Identified the +5 ring mail of the Amoeba {Str+3}
212656 | Pan      | Noticed Jitaur the pandemonium lord
212660 | Pan      | Killed Jitaur the pandemonium lord
213545 | Pan      | Found an exit through the horrors of the Abyss.
213594 | Pan      | Identified the +5 ring mail of the Watermelon {rElec rN+
                  | Str-5}
213873 | Pan      | Noticed Velur the pandemonium lord
213886 | Pan      | Killed Velur the pandemonium lord
214532 | Depths:3 | Escaped Pandemonium
214561 | Pan      | Entered Pandemonium
214680 | Pan      | Found an exit through the horrors of the Abyss.
215110 | Pan      | Noticed Keriugg the pandemonium lord
215117 | Pan      | Killed Keriugg the pandemonium lord
215775 | Depths:3 | Escaped Pandemonium
216433 | Depths:3 | Learned a level 9 spell: Shatter
216774 | Tomb:1   | Noticed a royal mummy
216776 | Tomb:1   | Noticed a royal mummy
216782 | Tomb:1   | Killed a royal mummy
216784 | Tomb:1   | Killed a royal mummy
216785 | Tomb:1   | Noticed a royal mummy
216790 | Tomb:1   | Noticed a royal mummy
216798 | Crypt:3  | Killed a royal mummy
216876 | Tomb:1   | Noticed a royal mummy
216877 | Tomb:1   | Noticed a royal mummy
216879 | Tomb:1   | Killed a royal mummy
216969 | Tomb:1   | Killed a royal mummy
216969 | Tomb:1   | Killed a royal mummy
216978 | Tomb:1   | Noticed a royal mummy
216982 | Tomb:1   | Killed a royal mummy
217042 | Tomb:1   | Noticed a royal mummy
217048 | Tomb:1   | Killed a royal mummy
217105 | Tomb:1   | Noticed a royal mummy
217105 | Tomb:1   | Noticed a royal mummy
217113 | Tomb:1   | Killed a royal mummy
217115 | Tomb:1   | Killed a royal mummy
217116 | Tomb:1   | Noticed a royal mummy
217121 | Tomb:1   | Killed a royal mummy
217334 | Tomb:1   | Noticed a royal mummy
217338 | Tomb:1   | Killed a royal mummy
217393 | Tomb:1   | Noticed a royal mummy
217398 | Tomb:1   | Killed a royal mummy
217454 | Tomb:1   | Noticed a royal mummy
217459 | Tomb:1   | Killed a royal mummy
217495 | Tomb:1   | Noticed a royal mummy
217506 | Tomb:1   | Killed a royal mummy
217530 | Tomb:1   | Noticed a royal mummy
217536 | Tomb:1   | Killed a royal mummy
217706 | Tomb:2   | Noticed a royal mummy
217706 | Tomb:2   | Noticed a royal mummy
217706 | Tomb:2   | Noticed a royal mummy
217706 | Tomb:2   | Noticed a royal mummy
217710 | Tomb:2   | Killed a royal mummy
217711 | Tomb:2   | Reached skill level 27 in Earth Magic
217711 | Tomb:2   | Killed a royal mummy
217712 | Tomb:2   | Killed a royal mummy
217716 | Tomb:2   | Killed a royal mummy
218389 | Tomb:3   | Entered Level 3 of the Tomb of the Ancients
218407 | Tomb:3   | Noticed a royal mummy
218408 | Tomb:3   | Noticed a royal mummy
218410 | Tomb:3   | Killed a royal mummy
218411 | Tomb:3   | Noticed a royal mummy
218413 | Tomb:3   | Killed a royal mummy
218414 | Tomb:3   | Noticed a royal mummy
218417 | Tomb:3   | Killed a royal mummy
218418 | Tomb:3   | Noticed a royal mummy
218425 | Tomb:3   | Killed a royal mummy
218432 | Tomb:3   | Killed a royal mummy
218534 | Tomb:3   | Noticed a royal mummy
218539 | Tomb:3   | Killed a royal mummy
218550 | Tomb:3   | Noticed a royal mummy
218553 | Tomb:3   | Killed a royal mummy
218556 | Tomb:3   | Noticed a royal mummy
218562 | Tomb:3   | Killed a royal mummy
218651 | Tomb:3   | Identified the +6 orcbow of Salt {antimagic, Dex+2}
218654 | Tomb:3   | Identified the +4 arbalest "Cisudasm" {antimagic, Str+4
                  | Stlth+}
218994 | Tomb:3   | Got a golden rune of Zot
219053 | Tomb:3   | Identified the +7 quarterstaff "Bumex" {vamp, *Noise Str+3
                  | Int+4 Dex+3}
219061 | Tomb:3   | Identified the +3 troll leather armour "Verchukumn" {*Slow
                  | rC++ Regen+ Str-4 Dex+10}
219070 | Tomb:3   | Identified the +0 leather armour of Ucvoxzoj {Will+ Int+5}
219072 | Tomb:3   | Identified the +0 buckler "Kamusuag" {Regen+}
219078 | Tomb:3   | Identified the +6 short sword "Toosme" {freeze, rPois
                  | Int+3}
219138 | Tomb:3   | Upgraded the game from 0.31.0-9-g3a7656b989 to
                  | 0.31.0-10-gcf4a605ca0
219519 | Pan      | Entered Pandemonium
219758 | Pan      | Found an exit through the horrors of the Abyss.
220542 | Pan      | Found an exit through the horrors of the Abyss.
220687 | Pan      | Noticed Roesooco the pandemonium lord
220695 | Pan      | Killed Roesooco the pandemonium lord
222057 | Pan      | Acquired the amulet "Gimycrax" {RegenMP rPois rCorr Int+2}
222152 | Pan      | Noticed Roigures the pandemonium lord
222159 | Pan      | Killed Roigures the pandemonium lord
222986 | Pan      | Reached skill level 27 in Translocations
223116 | Depths:3 | Escaped Pandemonium
223133 | Depths:3 | Learned a level 7 spell: Malign Gateway
223148 | Pan      | Entered Pandemonium
223157 | Pan      | Noticed Cinyit the pandemonium lord
223171 | Pan      | Killed Cinyit the pandemonium lord
223488 | Pan      | Found an exit through the horrors of the Abyss.
223952 | Depths:3 | Escaped Pandemonium
223957 | Pan      | Entered Pandemonium
224093 | Pan      | Identified the storm talisman "Uhifocue" {Dex+3}
224234 | Pan      | Noticed Punkot the pandemonium lord
224239 | Pan      | Killed Punkot the pandemonium lord
225018 | Depths:3 | Escaped Pandemonium
225024 | Pan      | Entered Pandemonium
225113 | Pan      | Found an exit through the horrors of the Abyss.
225131 | Pan      | Found a transporter.
225410 | Pan      | Found a transporter.
225588 | Pan      | Identified the ring "Nanou" {Fly rElec Will- rCorr SInv}
225627 | Pan      | Identified the amulet "Jyblulam" {Reflect rElec SH+5 SInv}
226251 | Pan      | Noticed Icimud the pandemonium lord
226264 | Pan      | Killed Icimud the pandemonium lord
227735 | Pan      | Found an exit through the horrors of the Abyss.
228501 | Depths:3 | Escaped Pandemonium
228505 | Depths:3 | Upgraded the game from 0.31.0-10-gcf4a605ca0 to
                  | 0.31.0-11-ge490571c62
228516 | Depths:3 | Reached skill level 27 in Invocations
228519 | Pan      | Entered Pandemonium
228631 | Pan      | Reached skill level 5 in Conjurations
228741 | Pan      | Found a runed translucent door.
228858 | Pan      | Noticed Biyclit the pandemonium lord
228865 | Pan      | Killed Biyclit the pandemonium lord
229325 | Depths:3 | Escaped Pandemonium
229330 | Pan      | Entered Pandemonium
229362 | Pan      | Reached skill level 10 in Conjurations
229455 | Pan      | Noticed Efigevis the pandemonium lord
229457 | Pan      | Killed Efigevis the pandemonium lord
229656 | Pan      | Found an exit through the horrors of the Abyss.
230161 | Depths:3 | Escaped Pandemonium
230166 | Pan      | Entered Pandemonium
230174 | Pan      | Noticed Seedd the pandemonium lord
230182 | Pan      | Killed Seedd the pandemonium lord
230195 | Pan      | Reached skill level 15 in Conjurations
230552 | Pan      | Found an exit through the horrors of the Abyss.
231363 | Pan      | Found an exit through the horrors of the Abyss.
231652 | Pan      | Noticed Porun the pandemonium lord
231668 | Pan      | Killed Porun the pandemonium lord
232491 | Pan      | Noticed Wud Adu the pandemonium lord
232496 | Pan      | Killed Wud Adu the pandemonium lord
232908 | Pan      | Found an exit through the horrors of the Abyss.
232979 | Pan      | Noticed Gajoazi the pandemonium lord
233004 | Pan      | Killed Gajoazi the pandemonium lord
233180 | Pan      | Found an exit through the horrors of the Abyss.
233717 | Depths:3 | Escaped Pandemonium
233755 | Depths:3 | Learned a level 9 spell: Chain Lightning
234866 | Depths:3 | Learned a level 9 spell: Fire Storm
235920 | Pan      | Entered Pandemonium
235933 | Pan      | Found an exit through the horrors of the Abyss.
235995 | Pan      | Noticed Viogiyt the pandemonium lord
235999 | Pan      | Killed Viogiyt the pandemonium lord
237226 | Pan      | Found an exit through the horrors of the Abyss.
237320 | Pan      | Noticed Zaydih the pandemonium lord
237329 | Pan      | Killed Zaydih the pandemonium lord
238426 | Depths:3 | Escaped Pandemonium
238541 | Dis:1    | Entered Level 1 of the Iron City of Dis
239429 | Dis:5    | Reached skill level 27 in Conjurations
239803 | Dis:7    | Entered Level 7 of the Iron City of Dis
240121 | Dis:7    | Noticed a juggernaut
240131 | Dis:7    | Killed a juggernaut
240220 | Dis:7    | Identified the +9 long sword "Wunirr" {drain, ^Contam rPois
                  | Dex+6 Stlth+}
240688 | Dis:7    | Noticed a dread lich
240693 | Dis:7    | Killed a dread lich
240857 | Dis:7    | Reached skill level 27 in Shapeshifting
240877 | Dis:7    | Reached skill level 5 in Stealth
241223 | Dis:7    | Noticed a juggernaut
241228 | Dis:7    | Killed a juggernaut
241338 | Dis:7    | Reached skill level 10 in Stealth
241689 | Dis:7    | Noticed Dispater
241692 | Dis:7    | Killed Dispater
241734 | Dis:7    | Got an iron rune of Zot
242104 | Depths:3 | Learned a level 1 spell: Apportation
242411 | Zot:5    | Got the Orb of Zot
242437 | Zot:5    | Noticed Ympe the pandemonium lord
242440 | Zot:5    | Killed Ympe the pandemonium lord
242647 | Depths:4 | Noticed Yfre the pandemonium lord
242650 | Depths:4 | Killed Yfre the pandemonium lord
242990 | D:10     | Noticed a seraph
242994 | D:10     | Killed a seraph
243224 | D:$      | Escaped with the Orb!

Illustrated notes

Levels and vault maps discovered:
D:1:      enne_arrival_octagon_isle, layout_basic,
          hellmonk_ecumenical_altar_crossroads, nrook_campfire, minmay_unequal
D:2:      layout_loops_ring, serial_bayou, serial_bayou_pond_c,
          serial_bayou_pond_e, serial_bayou_pond_d, serial_bayou_lagoon_b,
          uniq_jessica
D:3:      layout_basic, yredelemnul_forgotten_temple_becter
D:4:      layout_cave_pools, hellmonk_sif_muna_bookshelves,
          evilmike_ruin_ashenzari
D:5:      minmay_chambers_of_threes, layout_loops_ring, cheibriados_altar_1,
          uniq_eustachio
D:6:      layout_rooms, mainiacjoe_overflow_tiny_flanked,
          minmay_misc_feat_enclosed, nicolae_titane
D:7:      layout_basic, mainiacjoe_overflow_cross_hatched,
          makhleb_heckhound_becter, minmay_temple_entry_grid,
          minmay_misc_feat_five, uniq_pikel
D:8:      layout_basic, mainiacjoe_overflow_big_doors
D:9:      minmay_goldmine, layout_basic, nzn_wu_jian_contemplation,
          mainiacjoe_overflow_alcove_2, orc_0_dummy, serial_co_window_serial,
          co_window_cross_1, co_window_paths_b, co_window_of_opportunity_a,
          co_window_paths_b, co_window_paths_b, co_window_paths_b,
          co_window_paths_c, co_window_corner_b, co_window_of_opportunity_c,
          co_window_corner_ca, co_window_paths_c, co_window_corner_b,
          glass_columns_b, glass_columns_a, glass_columns_a, glass_columns_c
D:10:     layout_roguey, nicolae_gozag_seed_capital, erik_lair_island
D:11:     layout_cave_pods, serial_shops, nicolae_shop_tiny_statue_garden,
          tso_oasis_becter, uniq_lodul, uniq_urug
D:12:     layout_basic, minmay_hidden_floor, uniq_nessos
D:13:     layout_long_grid, nzn_ghost_randoct, bh_circular_ruins
D:14:     minmay_angry_zag, layout_gridville, erik_vaults_1, serial_ice,
          serial_ice_h, serial_ice_c, serial_ice_l, serial_ice_b, serial_ice_a,
          serial_ice_g
D:15:     hellmonk_depths_entry_around_the_bend, layout_layer_cave,
          nicolae_two_hexagons, skrybe_limestone_x, uniq_louise
Lair:1:   layout_chaotic_city
Lair:2:   nzn_winding_woodlands_large [nzn_winding_woodlands_5x5_checkerboard,
          nzn_winding_woodlands_5x15_river_crossing,
          nzn_winding_woodlands_hourglass, nzn_winding_woodlands_center_garden,
          nzn_winding_woodlands_15x15_boxy_spiral,
          nzn_winding_woodlands_center_triple_pond,
          nzn_winding_woodlands_5x5_cross,
          nzn_winding_woodlands_5x15_sidewinder,
          nzn_winding_woodlands_5x5_closed_star], layout_cave_pods,
          shoals_dummy_entry, grunt_forest_small_clearing_treed
Lair:3:   layout_roguey, hellmonk_spider_entry_not_the_bees,
          cheibrodos_lair_reptile_den, grunt_megastairs_4
Lair:4:   layout_loops_ring, slime_entry_1, serial_rivers,
          chequers_serial_rivers_micro_c, chequers_serial_rivers_small_a,
          chequers_serial_rivers_micro_c, chequers_serial_rivers_micro_a,
          portal_ice_cave_demonic_guard, nicolae_lair_time_for_slime,
          infiniplex_staircase_pool_2
Lair:5:   hellmonk_lair_end_abyssal_woods, layout_gridlike,
          nicolae_lair_lakeside_cave, grunt_megastairs_3, lemuel_fruit_tree
Shoals:1: layout_shoals, uniq_frances
Shoals:2: layout_shoals
Shoals:3: layout_shoals, nicolae_shop_overcharged_wands
Shoals:4: shoals_end_simple, layout_shoals
Spider:1: layout_spider_delve, nicolae_spider_bug_shape, uniq_jorgrun
Spider:2: nicolae_spider_corner, hangedman_spider_tarantella_strand
Spider:3: layout_spider_delve
Spider:4: grunt_spider_rune_parallel
Slime:1:  layout_caves
Slime:2:  layout_caves
Slime:3:  layout_caves
Slime:4:  layout_caves
Slime:5:  slime_pit_nicolae_amoeboid
Orc:1:    layout_caves, basic_altar
Orc:2:    kennysheep_orc_mage_school, layout_diamond_mine, basic_altar,
          uniq_snorg
Elf:1:    elf_arrival_001, layout_loops_corners, serial_shops, shop,
          shop_fountains, shop, nicolae_shop_industrial_runoff
Elf:2:    nicolae_elf_blades_crystal_corner, layout_geoelf_octagon,
          portal_desolation_entry_nicolae_nacl, serial_shops,
          nicolae_shop_tiny_waterfront
Elf:3:    minmay_elf_hall_hex, layout_loops_corners, serial_shops,
          nicolae_shop_back_alley_shop, lightli_enter_wizlab_magi_temple,
          gammafunk_ghost_fury_of_okawaru, uniq_nikola
Vaults:1: ontoclasm_vaults_hangar, v_pattern_1,
          nicolae_vaults_closet_pinwheel_3, ontoclasm_vaults_eye,
          gammafunk_sealed_arena, v_misc_12, nicolae_vaults_house_2,
          nicolae_vaults_closet_pinwheel_1, nicolae_vaults_tetromino_L_1,
          nicolae_vaults_six-pack, layout_vaults_quadrants, uniq_norris
Vaults:2: nicolae_vaults_network_s, hangedman_vaults_impose,
          nicolae_vaults_house_1, nicolae_vaults_closet_pinwheel_1,
          nicolae_vaults_asterisk, vaults_dpeg_encased_lava,
          nicolae_vaults_tetromino_L_1, nicolae_vaults_taking_the_gang_shopping,
          layout_vaults_big_room, serial_shops, nicolae_book_shop_shelving,
          shop, uniq_saint_roka, uniq_aizul, uniq_mara
Vaults:3: hangedman_vaults_nails, nicolae_vaults_little_guard_posts,
          hangedman_vaults_variations, nicolae_vaults_trapezoid_layered,
          vaults_mumra_hex, hangedman_vaults_slice,
          minmay_crypt_entry_simple_walls, vaults_room_octagon, v_pattern_5,
          nicolae_vaults_network_barrier, nicolae_vaults_apartment_2,
          nicolae_vaults_diagonal_hallway_7, nicolae_vaults_two_Ls,
          nicolae_vaults_big_angled_halls, nicolae_vaults_octothorpe,
          layout_vaults_omnibox, serial_shops,
          nicolae_shop_tiny_real_fake_doors, uniq_asterion
Vaults:4: vaults_room_pool, nicolae_vaults_mitosis, hangedman_vaults_maws,
          nicolae_vaults_big_ls, nicolae_vaults_closet_pinwheel_1,
          nicolae_vaults_storage_closets_2, nicolae_vaults_theta,
          nicolae_vaults_specimen_jars, nicolae_vaults_tangram_1,
          vaults_dpeg_diagonal, ontoclasm_vaults_echo, v_pattern_2,
          nicolae_vaults_little_squares_1, nicolae_vaults_tetromino_T_2,
          layout_vaults_big_cross, serial_shops, nicolae_shop_stone
Vaults:5: serial_shops
Crypt:1:  layout_regular_city, basic_altar, uniq_boris, uniq_zenata, uniq_jory
Crypt:2:  layout_chaotic_city, hex_large, grunt_megastairs_2
Crypt:3:  cryptofortress_bobbens, uniq_xtahua
Tomb:1
Tomb:2
Tomb:3
Depths:1: layout_big_octagon, elyvilon_altar_3, pan_entry,
          pf_hell_entry_great_geh, chequers_serial_rivers_micro_d,
          evilmike_spriggan_trog_shrine
Depths:2: minmay_swirls_squares, layout_honeycomb, hell_entry,
          grunt_pan_entry_spiral, serial_shops, nicolae_shop_tiny_statue_garden,
          grunt_qazlal_sundering, minmay_staircase_windowed_large
Depths:3: dreamdust_under_siege, layout_honeycomb, enter_ziggurat_d,
          grunt_decor_one_mirror, hellmouth_2, abyss_entry,
          rand_demon_pan_entry_3, nicolae_dithmenos_the_darkroom,
          infiniplex_staircase_zigzag_2
Depths:4: evilmike_zot_entry_basic, layout_honeycomb, serial_shops,
          bzr_entry_safe, serial_library_hellmonk_big_corner, pf_coc_iceberg,
          kennysheep_doodads, grunt_decor_junction, lemuel_nasty_fountain,
          uniq_sojobo
Hell
Dis:1:    layout_gridville
Dis:2:    layout_jigsaw, lemuel_dis_dragons
Dis:3:    layout_subdivisions
Dis:4:    layout_subdivisions
Dis:5:    hangedman_dis_monolith, layout_regular_city
Dis:6:    layout_gridville
Dis:7:    dis_st
Geh:1:    nicolae_hells_demon_pit, layout_gehenna_lava_caves
Geh:2:    layout_gehenna_lava_caves
Geh:3:    layout_gehenna_pools_basic
Geh:4:    layout_gehenna_pools_box
Geh:5:    layout_gehenna_pools_triple
Geh:6:    layout_gehenna_lava_caves
Geh:7:    geh_grunt_pentagon
Coc:1:    layout_ice_bergs
Coc:2:    layout_ice_bergs
Coc:3:    layout_cocytus_delve
Coc:4:    layout_ice_bergs
Coc:5:    layout_cocytus_delve
Coc:6:    layout_ice_bergs
Coc:7:    coc_grunt
Tar:1:    layout_cathedral_of_symmetry
Tar:2:    layout_honeycomb, nicolae_tar_combstack
Tar:3:    layout_catacombs
Tar:4:    layout_honeycomb, nicolae_tar_windowcombs
Tar:5:    layout_cathedral_of_symmetry
Tar:6:    layout_grid_maze
Tar:7:    tar_grunt_cathedral
Zot:1:    kennysheep_ambush_hall, layout_misc_corridors, uniq_parghit,
          uniq_josephina
Zot:2:    layout_cathedral_of_symmetry
Zot:3:    layout_misc_corridors
Zot:4:    layout_cellular_growth, hangedman_zot_diagonal_lockstep,
          regret_index_zotdec_banners, lemuel_elevator
Zot:5:    layout_misc_corridors, grunt_ministairs_8

Skill      XL: |  1  2  3  4  5  6  7  8  9 10 11 12 13 14 15 16 17 18 19 20 21 22 23 24 25 26 27 |
---------------+----------------------------------------------------------------------------------+-----
Fighting       | 3 4 5 6 11 12 13 14 16 18 20 27 | 27.0
Long Blades    | 3 4 5 6 8 11 14 17 18 20 27 | 27.0
Armour         | 2 4 8 9 10 12 14 16 18 20 27 | 27.0
Shields        | 2 4 8 10 12 13 16 18 27 | 27.0
Dodging        | 3 4 7 10 15 16 18 27 | 27.0
Spellcasting   | 3 5 8 10 12 14 15 16 27 | 27.0
Translocations | 4 10 11 13 14 27 | 27.0
Invocations    | 7 8 12 27 | 27.0
Air Magic      | 4 6 8 10 27 | 27.0
Evocations     | 5 10 13 16 18 27 | 27.0
Shapeshifting  | 27 | 27.0
Summonings     | 27 | 27.0
Fire Magic     | 27 | 27.0
Necromancy     | 24 | 24.0
Stealth        | 13 | 13.3
Ice Magic      | 27 | 27.0
Throwing       | 27 | 27.0
Earth Magic    | 27 | 27.0
Conjurations   | 27 | 27.0

Action                     |  1- 3 |  4- 6 |  7- 9 | 10-12 | 13-15 | 16-18 | 19-21 | 22-24 | 25-27 || total
---------------------------+-------+-------+-------+-------+-------+-------+-------+-------+-------++-------
  Melee: Falchion          |    84 |    63 |       |       |       |       |       |       |       ||   147
         Punch             |     1 |       |       |       |       |       |       |       |       ||     1
         Long sword        |       |    69 |   151 |   520 |  1103 |  1778 |  1912 |   550 |       ||  6083
         Scimitar          |       |       |       |       |       |    14 |       |       |       ||    14
         Eudemon blade     |       |       |       |       |       |       |       |   889 |  2376 ||  3265
         Double sword      |       |       |       |       |       |       |       |       | 20825 || 20825
         Staff             |       |       |       |       |       |       |       |       |   190 ||   190
  Throw: Javelin           |       |       |       |       |       |       |     2 |       |     9 ||    11
   Cast: Manifold Assault  |       |       |       |    87 |   416 |   404 |   508 |   410 |  5227 ||  7052
         Teleport Other    |       |       |       |       |     6 |     3 |       |     1 |     3 ||    13
         Lesser Beckoning  |       |       |       |       |     1 |     6 |    61 |     4 |   629 ||   701
         Vhi's Electric Ch |       |       |       |       |       |    10 |    14 |    22 |   273 ||   319
         Passage of Golubr |       |       |       |       |       |       |       |       |    61 ||    61
         Plasma Beam       |       |       |       |       |       |       |       |       |   686 ||   686
         Ozocubu's Refrige |       |       |       |       |       |       |       |       |   358 ||   358
         Shatter           |       |       |       |       |       |       |       |       |   296 ||   296
         Death Channel     |       |       |       |       |       |       |       |       |   171 ||   171
         Fugue of the Fall |       |       |       |       |       |       |       |       |   145 ||   145
         Ignition          |       |       |       |       |       |       |       |       |    76 ||    76
         Polar Vortex      |       |       |       |       |       |       |       |       |    56 ||    56
         Chain Lightning   |       |       |       |       |       |       |       |       |    55 ||    55
         Maxwell's Capacit |       |       |       |       |       |       |       |       |    53 ||    53
         Summon Horrible T |       |       |       |       |       |       |       |       |    25 ||    25
         Blink             |       |       |       |       |       |       |       |       |    25 ||    25
         Dispersal         |       |       |       |       |       |       |       |       |    17 ||    17
         Malign Gateway    |       |       |       |       |       |       |       |       |    17 ||    17
         Summon Lightning  |       |       |       |       |       |       |       |       |    17 ||    17
         Fire Storm        |       |       |       |       |       |       |       |       |    17 ||    17
         Disjunction       |       |       |       |       |       |       |       |       |     4 ||     4
         Animate Dead      |       |       |       |       |       |       |       |       |     4 ||     4
         Apportation       |       |       |       |       |       |       |       |       |     1 ||     1
 Invoke: Temporal Distorti |       |       |       |       |       |       |       |       |    43 ||    43
         Bend Time         |       |       |       |       |       |       |       |       |     5 ||     5
         Step From Time    |       |       |       |       |       |       |       |       |     3 ||     3
Ability: Hop               |       |     4 |       |     2 |     2 |     3 |     7 |     8 |    95 ||   121
         Evoke Blink       |       |       |       |       |       |       |       |       |     1 ||     1
  Evoke: Wand              |       |       |       |       |     7 |     3 |     4 |       |    67 ||    81
         Condenser vane    |       |       |       |       |     1 |       |     2 |     1 |    11 ||    15
         Phantom mirror    |       |       |       |       |       |       |       |     3 |    10 ||    13
         Box of beasts     |       |       |       |       |       |       |       |     1 |    24 ||    25
         Lightning rod     |       |       |       |       |       |       |       |     4 |    17 ||    21
         Phial of floods   |       |       |       |       |       |       |       |       |     7 ||     7
         Horn of Geryon    |       |       |       |       |       |       |       |       |    22 ||    22
    Use: Potion            |       |     1 |       |       |       |       |     3 |     4 |    30 ||    38
         Scroll            |       |       |       |     8 |    16 |     5 |     5 |    11 |    80 ||   125
   Stab: Sleeping          |       |       |       |     1 |     2 |     1 |       |       |     1 ||     5
         Distracted        |       |       |       |       |     2 |     1 |       |       |   237 ||   240
 Armour: Leather armour    |    56 |    58 |       |    36 |   142 |    32 |       |       |       ||   324
         Robe              |       |    15 |       |       |       |       |       |       |       ||    15
         Scale mail        |       |    35 |    27 |       |       |       |       |       |       ||    62
         Chain mail        |       |       |    18 |    66 |       |    17 |       |       |       ||   101
         Plate armour      |       |       |       |    16 |       |       |       |       |       ||    16
         Crystal plate arm |       |       |       |       |       |   298 |   256 |   204 |  1077 ||  1835
         Skin              |       |       |       |       |       |       |     4 |       |       ||     4
         Gold dragon scale |       |       |       |       |       |       |       |       |   905 ||   905
  Dodge: Dodged            |    73 |    30 |    23 |    55 |    91 |   365 |   245 |   179 |  5767 ||  6828
  Block: Tower shield      |    17 |    93 |    69 |   258 |   519 |  1860 |  1194 |   841 | 17091 || 21942
         Form:             |       |       |       |       |       |       |       |       |     9 ||     9
         Death             |       |       |       |       |       |       |       |       |     9 ||     9
         Storm             |       |       |       |       |       |       |       |       |     1 ||     1
